 Dungeon Crawl Stone Soup version 0.26-a0-946-g9485abf61d (webtiles) character file.

Game seed: 5475710224124310754

659122 1994 the Minotaur Arbalest (level 27, -11/358 HPs)
             Began as a Minotaur Chaos Knight on Nov 27, 2020.
             Was a Favourite Plaything of Xom.
             Mangled by a moth of wrath (16 damage)
             ... on level 4 of the Realm of Zot on Nov 28, 2020.
             The game lasted 04:15:47 (71103 turns).

1994 the Minotaur Arbalest (Minotaur Chaos Knight) Turns: 71103, Time: 04:15:48

Health: -11/358    AC: 33    Str: 35    XL:     27
Magic:  4/22       EV: 30    Int:  8    God:    Xom [......]
Gold:   7393       SH:  0    Dex: 22    Spells: 18/26 levels left

rFire    + + .     SeeInvis .   b - +3 battleaxe (vamp)
rCold    + . .     Faith    .   (shield currently unavailable)
rNeg     + + .     Spirit   .   (armour currently unavailable)
rPois    ∞         Reflect  .   y - +2 hat
rElec    +         Harm     .   K - scarf {repulsion}
rCorr    .         Rampage  .   (gloves currently unavailable)
MR       ++++.                  (boots currently unavailable)
Stlth    +.........             P - amulet of Vitality {Regen+ HP+15}
HPRegen  1.89/turn              w - ring of Eraukkywn {rPois rF++ MR+ Str+8 Stlth-}
MPRegen  0.18/turn              U - ring "Cujutz" {rN+ EV+4 Int-2 Dex+4}

@: statue-form, slowed, constricted, repel missiles, very slow
A: retaliatory headbutt, hooves 1, horns 2, agile 1, cold resistance 1,
deterioration 1, magic resistance 1, mutation resistance 1, regeneration 2,
electricity resistance, strong 2, wild magic 1
}: 3/15 runes: barnacled, silver, gossamer
a: Renounce Religion


You were on level 4 of the Realm of Zot.
You worshipped Xom.
You were a very special plaything of Xom.
You were a stone statue.
You visited 11 branches of the dungeon, and saw 52 of its levels.
You visited the Abyss 2 times.
You also visited: Ossuary, Gauntlet and Wizlab.

You collected 9699 gold pieces.
You spent 2306 gold pieces at shops.

Inventory:

Hand Weapons
 a - a +7 arbalest of chaos
 b - a +3 vampiric battleaxe (weapon)
 g - the +9 heavy crossbow "Sniper" {vorpal, Acc+∞ SInv}
   (You took it off a minotaur in a Gauntlet)

   Any bolt fired from it inflicts extra damage.
   It lets you see invisible.
 o - a +4 great mace of holy wrath
 u - a +9 great mace of freezing
Missiles
 p - 19 curare-tipped darts
 x - 47 silver javelins
 O - 11 throwing nets
 S - 1085 bolts (quivered)
Armour
 m - +12 gold dragon scales (melded)
 y - a +2 hat (worn)
 K - a scarf of repulsion (worn)
 L - the +1 pair of gloves of Ziel (melded) {SInv}
   (You found it on level 3 of the Vaults)

   It lets you see invisible.
 T - a +1 pair of boots (melded)
Jewellery
 c - the ring of Nusuh {rElec rN+ MR+}
   (You acquired it on level 5 of the Lair of Beasts)

   [ring of protection from magic]

   It insulates you from electricity.
   It protects you from negative energy.
   It affects your resistance to hostile enchantments.
 s - an uncursed ring of protection from fire
 w - the ring of Eraukkywn (left hand) {rPois rF++ MR+ Str+8 Stlth-}
   (You took it off a vault guard on level 5 of the Vaults)

   [ring of poison resistance]

   It affects your strength (+8).
   It greatly protects you from fire.
   It protects you from poison.
   It affects your resistance to hostile enchantments.
   It makes you less stealthy.
 H - the ring of Creativity {rCorr Dex+6}
   (You took it off a deep elf death mage on level 3 of the Elven Halls)

   [ring of resist corrosion]

   It affects your dexterity (+6).
   It provides partial protection from all sources of acid and corrosion.
 P - the amulet of Vitality (around neck) {Regen+ HP+15}
   (You found it on level 6 of the Lair of Beasts)

   [amulet of regeneration]

   It affects your health (+15).
   It increases your rate of regeneration.
 R - an uncursed ring of protection from cold
 U - the ring "Cujutz" (right hand) {rN+ EV+4 Int-2 Dex+4}
   (Xom gifted it to you on level 5 of the Vaults)

   [ring of evasion]

   It affects your evasion (+4).
   It affects your intelligence (-2).
   It affects your dexterity (+4).
   It protects you from negative energy.
Wands
 q - a wand of enslavement (21)
 v - a wand of iceblast (50)
 z - a wand of paralysis (8)
 M - a wand of digging (21)
 V - a wand of acid (46)
Scrolls
 e - 5 scrolls of summoning
 h - 17 scrolls of teleportation
 l - 36 scrolls of remove curse
 A - 17 scrolls of blinking
 B - 12 scrolls of fog
 C - 6 scrolls of immolation
 Q - 2 scrolls of silence
 W - 7 scrolls of magic mapping
 Y - 6 scrolls of fear
 Z - 32 scrolls of identify
Potions
 d - 9 potions of ambrosia
 f - 11 potions of resistance
 i - 3 potions of invisibility
 j - 12 potions of flight
 k - 14 potions of lignification
 r - 6 potions of might
 t - 5 potions of cancellation
 D - 8 potions of haste
 E - 10 potions of heal wounds
 F - 7 potions of magic
 G - 15 potions of curing
 J - 15 potions of mutation
 N - 6 potions of berserk rage
Miscellaneous
 I - a phial of floods


   Skills:
 + Level 24.2 Fighting
 + Level 17.4(20.9) Axes
 - Level 20.0(22.1) Maces & Flails
 O Level 27 Crossbows
 - Level 8.7 Throwing
 + Level 25.7 Armour
 + Level 16.9 Dodging
 - Level 3.0 Evocations


You had 18 spell levels left.
You knew the following spells:

 Your Spells              Type           Power        Failure   Level
a - Apportation           Tloc           #.....       50%         1
b - Blink                 Tloc           N/A          63%         2
c - Passwall              Tmut/Erth      #.......     63%         2
d - Portal Projectile     Hex/Tloc       #.....       85%         3

Your spell library contained the following spells:

 Spells                   Type           Power        Failure   Level
 Animate Skeleton         Necr           #.....       50%         1
 Corona                   Hex            #......      50%         1
 Foxfire                  Conj/Fire      #...         50%         1
 Freeze                   Ice            #...         50%         1
 Magic Dart               Conj           #...         50%         1
 Pain                     Necr           #...         50%         1
 Sandblast                Erth           #.....       50%         1
 Shock                    Conj/Air       #...         50%         1
 Sting                    Tmut/Pois      #...         50%         1
 Summon Small Mammal      Summ           #...         50%         1
 Call Imp                 Summ           #.......     63%         2
 Corpse Rot               Necr/Air       N/A          63%         2
 Ensorcelled Hibernation  Hex/Ice        #.....       63%         2
 Poisonous Vapours        Pois/Air       #.....       63%         2
 Searing Ray              Conj           #.....       63%         2
 Slow                     Hex            #.......     63%         2
 Sublimation of Blood     Necr           #.........   63%         2
 Swiftness                Air            #.......     63%         2
 Call Canine Familiar     Summ           #.......     85%         3
 Confusing Touch          Hex            #.......     85%         3
 Conjure Flame            Conj/Fire      #.......     85%         3
 Dazzling Flash           Conj/Hex       #.....       85%         3
 Frozen Ramparts          Ice            #.....       85%         3
 Gell's Gravitas          Tloc           #.........   85%         3
 Ignite Poison            Fire/Tmut/Pois #.......     85%         3
 Inner Flame              Hex/Fire       #.......     85%         3
 Lesser Beckoning         Tloc           #.........   85%         3
 Mephitic Cloud           Conj/Pois/Air  #.......     85%         3
 Ozocubu's Armour         Ice            #.......     85%         3
 Spider Form              Tmut/Pois      #.........   85%         3
 Static Discharge         Conj/Air       #.......     85%         3
 Stone Arrow              Conj/Erth      #.....       85%         3
 Summon Guardian Golem    Hex/Summ       #.......     85%         3
 Tukima's Dance           Hex            #.......     85%         3
 Vampiric Draining        Necr           #.........   85%         3
 Airstrike                Air            #.........   99%         4
 Animate Dead             Necr           #.........   99%         4
 Cause Fear               Hex            #.........   99%         4
 Dispel Undead            Necr           #.......     99%         4
 Fulminant Prism          Conj/Hex       #.........   99%         4
 Hailstorm                Conj/Ice       #.......     99%         4
 Iskenderun's Mystic Bla  Conj/Tloc      #.......     99%         4
 Leda's Liquefaction      Hex/Erth       #.........   99%         4
 Olgreb's Toxic Radiance  Pois           #.......     99%         4
 Petrify                  Tmut/Erth      #.......     99%         4
 Sticky Flame             Conj/Fire      #.......     99%         4
 Summon Ice Beast         Ice/Summ       #.......     99%         4
 Summon Lightning Spire   Summ/Air       #.......     99%         4
 Agony                    Necr           #.......     100%        5
 Alistair's Intoxication  Tmut/Pois      #........    100%        5
 Bolt of Magma            Conj/Fire/Erth #.........   100%        5
 Borgnjor's Vile Clutch   Necr/Erth      #.........   100%        5
 Excruciating Wounds      Necr           #.........   100%        5
 Fireball                 Conj/Fire      #.........   100%        5
 Iskenderun's Battlesphe  Conj           #.......     100%        5
 Lee's Rapid Deconstruct  Erth           #.........   100%        5
 Lightning Bolt           Conj/Air       #.........   100%        5
 Metabolic Englaciation   Hex/Ice        #.........   100%        5
 Silence                  Hex/Air        #.........   100%        5
 Summon Forest            Summ/Tloc      #.........   100%        5
 Summon Mana Viper        Hex/Summ       #.......     100%        5
 Yara's Violent Unravell  Hex/Tmut       #.........   100%        5
 Conjure Ball Lightning   Conj/Air       #.........   100%        6
 Death Channel            Necr           #.........   100%        6
 Dispersal                Tloc           #.........   100%        6
 Eringya's Noxious Bog    Tmut/Pois      #.........   100%        6
 Freezing Cloud           Conj/Ice/Air   #.........   100%        6
 Hydra Form               Tmut           #.........   100%        6
 Invisibility             Hex            #.......     100%        6
 Iron Shot                Conj/Erth      #.........   100%        6
 Ozocubu's Refrigeration  Ice            #.........   100%        6
 Shadow Creatures         Summ           N/A          100%        6
 Simulacrum               Ice/Necr       #.........   100%        6
 Statue Form              Tmut/Erth      #........    100%        6
 Dragon Form              Tmut           #.........   100%        7
 Malign Gateway           Summ/Tloc      #.........   100%        7
 Monstrous Menagerie      Summ           #.........   100%        7
 Orb of Destruction       Conj           #.........   100%        7
 Spellforged Servitor     Conj/Summ      #.........   100%        7
 Summon Greater Demon     Summ           #.........   100%        7
 Summon Hydra             Summ           #.........   100%        7
 Discord                  Hex            #.........   100%        8
 Disjunction              Tloc           #.........   100%        8
 Ignition                 Fire           #.........   100%        8
 Summon Horrible Things   Summ           #.........   100%        8
 Dragon's Call            Summ           #.........   100%        9
 Shatter                  Erth           #.........   100%        9
 Tornado                  Air            #.........   100%        9


Dungeon Overview and Level Annotations

Branches:
Dungeon (15/15)            Temple (1/1) D:4            Lair (6/6) D:11
 Shoals (4/4) Lair:4       Spider (4/4) Lair:3        Slime (0/5) Lair:6
    Orc (2/2) D:12            Elf (3/3) Orc:2        Vaults (5/5) D:14
  Crypt (3/3) Vaults:3       Tomb (0/3) Crypt:3      Depths (5/5) D:15
    Zot (4/5) Depths:5    Ossuary (visited)          WizLab (visited)
Gauntlet (visited)

Altars:
Ashenzari
Dithmenos
Fedhas
Kikubaaqudgha
Makhleb
Nemelex Xobeh
Okawaru
Ru
Sif Muna
Trog
Vehumet
Wu Jian
Xom
Zin
Beogh
Jiyva

Shops:
D:4 [   D:11 *   D:12 *   D:15 =   Orc:2 [:*[=[!*(   Elf:1 ?   Elf:3 }}=
Vaults:3 =   Vaults:5 [

Portals:
Hell: Depths:1 Depths:2 Depths:3 Depths:4 Depths:5
Abyss: Depths:4
Pandemonium: Depths:3 Depths:5
Ziggurat: Depths:2

Annotations:
D:6 exclusion: oklob plant
Shoals:3 exclusion: 2 downstairs
Shoals:4 rc+++
Orc:1 2 runed translucent doors, exclusion: orange crystal statue
Vaults:2 +blink plate
Vaults:3 int+9
Zot:2 1 runed translucent door, Iryommi's ghost, legendary KoDe


Innate Abilities, Weirdness & Mutations

You reflexively headbutt those who attack you in melee.
You have a pair of horns on your head.
You have large cloven feet.
((You are partially covered in molten scales. (AC +2)))
((You are mostly covered in yellow scales. (AC +3)))
You are agile. (Dex +2)
Your flesh is cold resistant. (rC+)
Your body sometimes deteriorates upon taking damage.
You are resistant to hostile enchantments. (MR+)
You are somewhat resistant to further mutation.
You heal very quickly.
((You are covered in fur. (AC +1)))
You are resistant to electric shocks. (rElec)
Your muscles are very strong. (Str +4)
Your spells are a little harder to cast, but a little more powerful.


Message History

The shadow dragon completely misses you. x2
The shadow dragon closely misses you.
The shadow dragon completely misses you.
You furiously retaliate!
You headbutt the shadow dragon, but do no damage.
The shadow dragon misses you.
The shadow dragon completely misses you.
Unknown command.
Unknown command.
Unknown command.
You slice the moth of wrath!! Your kick misses the moth of wrath.
Your headbutt misses the moth of wrath.
The moth of wrath is severely wounded.
You completely miss the tentacled monstrosity.
You carve the green draconian monk like a ham!!!
You hit the shadow dragon. You slice the shadow dragon!!
You kill the shadow dragon!
The moth of wrath bites you!
You die...
Xom thinks this is hilarious!

... ..# .# #. #
###...
############......
##...<...f.d.f....#
##........dqDy.d.#
##...########8#°..#
# ##...## #Xyf..#
###...## #..f###
.#...## #.(#.?
....## ..#....
...## ..#(..... ..
..## ..#.. ..#. .
..# ...#.(......#.
..# #...


You could see a shadow dragon (berserk), a tentacled monstrosity, a green
draconian monk (summoned, berserk), a black draconian (summoned, berserk,
poisoned), 2 draconians, a deathcap (summoned), 2 moths of wrath and 3 wandering
mushrooms.

Vanquished Creatures
  2 orbs of fire (Zot:1)
  2 ancient liches
  2 juggernauts
  Sojobo (Crypt:1)
  Boris (twice) (Depths:3 Vaults:5)
  A Killer Klown (Zot:4)
  Bai Suzhen (Elf:3)
  Frederick (Crypt:3)
  Saint Roka (Elf:3)
  Margery (Vaults:5)
  2 curse toes
  2 caustic shrikes (Depths:2)
  8 golden dragons
  A golden dragon (shapeshifter) (Depths:3)
  Nikola (Shoals:1)
  3 bone dragons
  Arachne (Spider:3)
  2 electric golems
  14 tentacled monstrosities
  9 liches
  4 quicksilver dragons
  A deep elf master archer (Elf:3)
  3 deep elf blademasters
  4 titans
  An acid blob (Lair:6)
  3 ancient champions
  6 tentacled starspawn (Abyss:2)
  4 death cobs
  2 krakens (Shoals:3)
  A sphinx (shapeshifter) (Depths:3)
  Kirke (Shoals:1)
  5 sphinxes
  Gastronok (D:12)
  Ilsuiw (Shoals:4)
  8 shadow dragons
  7 storm dragons
  7 draconian monks
  12 tengu reavers
  A revenant (Crypt:1)
  9 frost giants
  9 vault wardens
  14 deep elf sorcerers
  A frost giant (shapeshifter) (Depths:3)
  A ghost moth (shapeshifter) (Depths:3)
  6 ghost moths
  2 draconian scorchers
  A cacodemon (Depths:5)
  2 draconian knights
  An iron dragon (Depths:2)
  Louise (Spider:2)
  6 emperor scorpions (Spider:4)
  5 fire giants
  Aizul (Vaults:1)
  3 orc warlords
  A ghoul (Vaults:4)
  3 curse skulls
  7 draconian stormcallers
  A caustic shrike skeleton (Depths:4)
  4 deep elf elementalists
  5 draconian shifters
  9 ironheart preservers
  The ghost of Ycoiwk the Tainter, a journeyman OpVM of Sif Muna (Lair:5)
  The ghost of Ycoiwk the Tainter, a journeyman OpVM of Sif Muna (Lair:5)
  22 very ugly things
  15 stone giants
  10 draconian annihilators
  A spriggan defender (Depths:4)
  5 war gargoyles
  5 entropy weavers
  A juggernaut skeleton (Crypt:1)
  4 deep elf demonologists
  A stone giant (shapeshifter) (Depths:3)
  15 green draconians
  11 deep elf annihilators
  9 vampire knights
  2 spark wasps
  10 purple draconians
  7 black draconians
  9 red draconians
  A minotaur (Gauntlet)
  3 white draconians
  The ghost of EWolf27 the Fighter, a journeyman MiFi of the Shining One (D:13)
  15 yellow draconians
  6 merfolk javelineers
  A green death (Abyss:2)
  Snorg (Lair:4)
  An eidolon (Crypt:2)
  16 crystal guardians
  14 ettins
  7 jiangshi
  8 deep elf death magi
  6 fire dragons
  12 merfolk impalers
  The ghost of Uxoog the Grappler, a journeyman VSWn of Ashenzari (Lair:5)
  9 yaktaur captains
  The ghost of Kiguq the Sage, a journeyman VSSu of Sif Muna (Lair:5)
  Josephine (Shoals:1)
  6 ice dragons
  4 deep elf high priests
  A fire dragon (shapeshifter) (Depths:3)
  3 merfolk avatars
  5 rakshasas
  7 death knights
  2 great orbs of eyes
  4 catoblepae
  3 spriggan air magi
  26 vault guards
  A hell beast (Depths:4)
  10 hydras
  7 boulder beetles
  An anaconda (shapeshifter) (Depths:2)
  14 centaur warriors
  30 two-headed ogres
  3 alligator snapping turtles
  A queen ant (Lair:2)
  8 tengu warriors
  2 merfolk aquamancers (Shoals:3)
  2 satyrs (shapeshifter) (Depths:3)
  2 satyrs
  12 ogre magi
  A two-headed ogre (shapeshifter) (Depths:2)
  36 dancing weapons
  5 death yaks
  3 deep troll earth magi
  A shock serpent (Depths:3)
  2 spriggan berserkers (Depths:2)
  6 vampire magi
  A titan zombie (Crypt:3)
  Urug (Lair:4)
  A shock serpent (shapeshifter) (Depths:3)
  4 orc high priests
  A soul eater (Crypt:2)
  A thrashing horror (Abyss:2)
  A storm dragon zombie (Crypt:3)
  13 hell knights
  15 deep elf knights
  5 wretched stars (Abyss:2)
  A shadow wraith (Vaults:3)
  3 titan skeletons
  A fire crab (shapeshifter) (Depths:3)
  A ghost moth zombie (Crypt:2)
  7 sea snakes
  2 infernal demonspawn (Depths:5)
  45 skeletal warriors
  A spatial maelstrom (Abyss:2)
  A death drake (shapeshifter) (D:15)
  7 glowing orange brains
  3 deep trolls (Vaults:5)
  A goliath frog (Vaults:5)
  24 deep elf archers
  An orange crystal statue (Depths:3)
  4 lindwurms (Lair:3)
  2 flayed ghosts
  A shadow dragon zombie (Crypt:2)
  6 wizards
  2 obsidian statues (Depths:3)
  7 necromancers
  12 ironbrand convokers
  An anaconda skeleton (Crypt:3)
  19 orb spiders
  11 phantasmal warriors
  A mana viper (shapeshifter) (Vaults:5)
  42 ugly things
  15 harpies
  2 orb spiders (shapeshifter)
  4 oklob plants
  18 orc knights
  65 deep elf magi
  A frost giant zombie (Crypt:3)
  A human zombie (Vaults:3)
  An iron dragon zombie (Crypt:3)
  15 fauns
  A salamander (shapeshifter) (D:15)
  25 wolf spiders
  7 orc sorcerers
  11 cyclopes
  17 manticores
  A dire elephant zombie (Crypt:1)
  4 elephants (Lair:3)
  2 elephants (shapeshifter)
  Maurice (D:13)
  A fire giant skeleton (Crypt:1)
  8 black mambas
  25 moths of wrath
  11 merfolk sirens
  An iron dragon skeleton (Crypt:2)
  2 rust devils
  3 stone giant skeletons
  2 moths of wrath (shapeshifter)
  5 molten gargoyles
  10 vault sentinels
  8 smoke demons
  2 eyes of devastation (shapeshifter)
  9 gargoyles
  6 water nymphs
  A titan simulacrum (Crypt:2)
  A torpor snail (shapeshifter) (D:15)
  A guardian serpent (Vaults:2)
  9 cane toads
  A torpor snail (Spider:1)
  2 eyes of devastation
  A pale draconian zombie (Crypt:2)
  A black draconian zombie (Crypt:2)
  A rime drake (shapeshifter) (Depths:3)
  3 rime drakes
  A yaktaur skeleton (Vaults:3)
  3 kobold demonologists
  A komodo dragon (shapeshifter) (Vaults:5)
  6 demonic crawlers
  27 yaktaurs
  8 komodo dragons
  An alligator snapping turtle skeleton (Crypt:1)
  A harpy zombie (D:14)
  A yaktaur (shapeshifter) (Vaults:2)
  7 starcursed masses (Abyss:2)
  6 freezing wraiths
  A green draconian skeleton (Crypt:2)
  5 ancient zymes (Abyss:2)
  A white draconian skeleton (Crypt:1)
  5 red devils
  A meliai (shapeshifter) (Vaults:2)
  4 polar bears
  9 trolls
  34 merfolk
  5 tengu conjurers
  35 jumping spiders
  A queen bee (Vaults:5)
  14 wind drakes
  A queen bee (shapeshifter) (Vaults:4)
  A tengu simulacrum (Depths:4)
  Prince Ribbit (Lair:3)
  A troll (shapeshifter) (Vaults:1)
  3 ettin zombies
  17 slime creatures
  8 raiju
  18 hornets
  A tyrant leech (shapeshifter) (Vaults:2)
  A tyrant leech (Gauntlet)
  6 dream sheep
  A harpy skeleton (Crypt:3)
  A meliai zombie (D:11)
  9 blink frogs
  A stone giant simulacrum (Vaults:3)
  An ice dragon zombie (Crypt:3)
  10 snapping turtles
  3 centaur simulacra (Gauntlet)
  8 air elementals
  3 wyverns
  17 tarantellas
  21 wraiths
  2 ynoxinuls (Abyss:2)
  A tarantella (shapeshifter) (Elf:3)
  A wyvern (shapeshifter) (Vaults:2)
  2 shadows (Crypt:3)
  55 redbacks
  An ettin skeleton (Crypt:3)
  11 vampires
  2 basilisks (shapeshifter)
  17 water elementals
  57 yaks
  A human (shapeshifter) (Elf:1)
  2 chaos spawn (Abyss:2)
  9 fire elementals
  A hog (Shoals:1)
  3 large abominations (Abyss:2)
  4 basilisks
  2 vampire mosquitoes (D:13)
  A swamp worm (shapeshifter) (Vaults:3)
  11 wargs
  An insubstantial wisp (Depths:3)
  A naga (shapeshifter) (Depths:3)
  5 soldier ants
  3 spatial vortices (Abyss:2)
  A harpy simulacrum (Gauntlet)
  3 swamp worms (Gauntlet)
  A water moccasin (shapeshifter) (Elf:1)
  4 acid dragons
  4 two-headed ogre zombies (WizLab)
  13 water moccasins
  A merfolk zombie (Crypt:3)
  A hornet zombie (D:11)
  A floating eye (Vaults:5)
  A swamp drake (D:7)
  4 sky beasts
  2 cane toad skeletons
  5 black bears
  46 orc warriors
  2 eyes of draining
  3 necrophages
  4 phantoms
  16 wolves
  A boggart (shapeshifter) (Vaults:5)
  18 boggarts
  48 ogres
  19 centaurs
  A snapping turtle skeleton (Crypt:3)
  2 big kobolds
  14 bullfrogs
  3 small abominations (Abyss:2)
  A wyvern zombie (D:7)
  10 earth elementals
  7 scorpions
  8 troll zombies (WizLab)
  A killer bee (shapeshifter) (D:13)
  4 killer bees (D:12)
  5 electric eels
  40 wights
  5 howler monkeys
  A black bear zombie (Crypt:2)
  A human simulacrum (Vaults:3)
  9 jellies
  A bullfrog zombie (D:7)
  3 centaur skeletons
  7 hounds
  An iron imp (Abyss:2)
  22 orc priests
  A gnoll shaman (D:9)
  A wyvern simulacrum (Gauntlet)
  2 bullfrog skeletons
  4 iguanas
  Ijyb (D:3)
  27 orc wizards
  22 worker ants
  4 hell rats (D:14)
  A troll simulacrum (Crypt:2)
  2 killer bee zombies
  7 ogre zombies (WizLab)
  2 ogre skeletons
  A hound skeleton (Crypt:2)
  9 mummies
  10 gnolls
  A swamp drake zombie (Crypt:2)
  9 adders
  2 shadow imps
  A white imp (Abyss:2)
  3 ufetubi
  2 adder zombies
  7 worms
  2 ball lightnings (Depths:3)
  3 dart slugs (D:1)
  8 leopard geckos
  94 orcs
  6 ball pythons
  4 bats
  A bat skeleton (Crypt:1)
  3 giant cockroaches
  A gnoll zombie (Ossuary)
  5 goblins
  10 hobgoblins
  15 jackals
  3 quokkas
  3 frilled lizards
  2 hobgoblin zombies (Ossuary)
  19 kobolds
  4 kobold zombies (Ossuary)
  A leopard gecko skeleton (D:7)
  An orc zombie (Ossuary)
  10 rats
  A river rat skeleton (Crypt:2)
  A plant (Lair:5)
  4 starspawn tentacles (Abyss:2)
  7 tentacles (Shoals:3)
  A withered plant (Shoals:2)
2391 creatures vanquished.

Vanquished Creatures (collateral kills)
  An ironheart preserver (Vaults:5)
  An ogre mage (Vaults:5)
  A dancing weapon (Elf:2)
  Nergalle (Lair:2)
  2 deep elf knights (Elf:2)
  6 skeletal warriors
  2 deep elf archers
  An orc knight (Orc:2)
  2 deep elf magi (Elf:1)
  A harpy (Shoals:3)
  A moth of wrath (Spider:4)
  A cyclops (Vaults:1)
  A cane toad (Lair:5)
  A komodo dragon (Lair:2)
  2 blink frogs (Lair:3)
  A yak (D:10)
  A redback (Spider:4)
  2 soldier ants (Lair:2)
  2 water moccasins
  A wolf (Lair:5)
  A centaur (D:8)
  A bullfrog (Lair:3)
  A jelly (D:8)
  An orc wizard (D:6)
  5 worker ants (Lair:2)
  A tentacle (Shoals:3)
41 creatures vanquished.

Vanquished Creatures (others)
  A ghost moth (shapeshifter) (Depths:3)
  A draconian scorcher (Zot:1)
  An emperor scorpion (Spider:4)
  A fire giant (Depths:5)
  A deep elf sorcerer (Vaults:5)
  A draconian annihilator (Zot:4)
  A war gargoyle (Depths:3)
  A hydra (Lair:2)
  5 dancing weapons
  5 harpies
  3 deep elf archers (Elf:2)
  2 ironbrand convokers (Vaults:4)
  A wolf spider (Spider:4)
  An orb spider (Spider:2)
  4 deep elf magi
  A manticore (Shoals:3)
  A guardian serpent (shapeshifter) (Vaults:5)
  A merfolk (Shoals:3)
  2 yaks (D:8)
  3 water elementals
  A fire elemental (Depths:3)
  2 humans (Shoals:1)
  2 insubstantial wisps (Depths:3)
  2 ogres
  3 earth elementals
  A jelly (D:14)
  3 ball lightnings (Depths:3)
  4 demonic plants (Gauntlet)
  38 fungi
  257 plants
  5 starspawn tentacles (Abyss:2)
  14 tentacles (Shoals:3)
  16 toadstools (D:6)
  11 withered plants
396 creatures vanquished.

Grand Total: 2828 creatures vanquished

Notes
Turn   | Place    | Note
-------+----------+-------------------------------------------
     0 | D:1      | 1994 the Minotaur Chaos Knight began the quest for the Orb.
     0 | D:1      | Reached XP level 1. HP: 19/19 MP: 0/0
   100 | D:1      | Reached XP level 2. HP: 27/27 MP: 1/1
   194 | D:1      | XOM: silly message
   315 | D:1      | XOM: silly message
   449 | D:1      | Reached skill level 1 in Throwing
   483 | D:1      | Reached XP level 3. HP: 30/33 MP: 2/2
   691 | D:1      | XOM: silly message
   895 | D:1      | Noticed a wyvern
   895 | D:1      | an adder changed into a wyvern
   896 | D:1      | Killed a wyvern
   897 | D:1      | Reached skill level 5 in Maces & Flails
   897 | D:1      | Reached XP level 4. HP: 17/41 MP: 3/3
   897 | D:1      | Reached XP level 5. HP: 20/47 MP: 4/4
   913 | D:1      | XOM: divination: magic mapping
  1441 | D:2      | Found a faded altar of an unknown god.
  1529 | D:2      | Reached XP level 6. HP: 51/53 MP: 5/5
  1674 | D:2      | XOM: silly message
  2006 | D:2      | XOM: divination: detect items
  2271 | D:3      | Found an iron altar of Okawaru.
  2274 | D:3      | XOM: draining
  2298 | D:3      | XOM: noise
  2390 | D:3      | Noticed Ijyb
  2402 | D:3      | Killed Ijyb
  2502 | D:3      | Found a broken altar of Ashenzari.
  2851 | D:4      | XOM: give mutation
  2851 | D:4      | Gained mutation: You are partially covered in molten
                  | scales. (AC +2) [Xom's mischief]
  2877 | D:4      | Found a staircase to the Ecumenical Temple.
  2886 | Temple   | Entered the Ecumenical Temple
  2923 | D:4      | You fall into a shaft and drop 3 floors!
  2961 | D:7      | Reached skill level 5 in Fighting
  2961 | D:7      | Reached XP level 7. HP: 52/61 MP: 6/6
  3009 | D:7      | XOM: blink monster(s)
  3021 | D:7      | Reached skill level 5 in Armour
  3122 | D:7      | XOM: chaos cloud
  3128 | D:7      | XOM: 2-stop teleportation journey
  3133 | D:7      | XOM: cleaving
  3148 | D:7      | XOM: potion effect (brilliance)
  3156 | D:7      | XOM: 1-stop teleportation journey
  3447 | D:6      | Found a sand-covered staircase.
  3472 | Ossuary  | Entered an ossuary
  3625 | Ossuary  | XOM: enchant monster (bad)
  3687 | Ossuary  | Reached XP level 8. HP: 62/69 MP: 7/7
  3832 | D:5      | Entered Level 5 of the Dungeon
  3956 | D:4      | Found Roptimm's Antique Armour Emporium.
  3985 | D:4      | XOM: give mutations
  3985 | D:4      | Gained mutation: You are frail. (-10% HP) [Xom's mischief]
  3985 | D:4      | Gained mutation: Your body sometimes deteriorates upon
                  | taking damage. [Xom's mischief]
  3985 | D:4      | Gained mutation: You occasionally shout uncontrollably at
                  | your foes. [Xom's mischief]
  3985 | D:4      | Gained mutation: Scrolls take you a little longer to read.
                  | [Xom's mischief]
  4155 | D:4      | XOM: give mutations
  4155 | D:4      | Lost mutation: Scrolls take you a little longer to read.
                  | [Xom's grace]
  4155 | D:4      | Gained mutation: You have supernaturally acute eyesight.
                  | (SInv) [Xom's grace]
  4155 | D:4      | Lost mutation: You are frail. (-10% HP) [Xom's grace]
  4155 | D:4      | Gained mutation: You are partially covered in rugged brown
                  | scales. (AC +1, +3% HP) [Xom's grace]
  4259 | D:5      | You fall into a shaft and drop 1 floor!
  4272 | D:6      | Found a sacrificial altar of Ru.
  4543 | D:5      | XOM: scenery: summon butterflies
  4834 | D:5      | Found a burning altar of Makhleb.
  4836 | D:5      | Noticed a balrug
  4840 | D:5      | Noticed a smoke demon
  4879 | D:5      | XOM: cast spell 'Shadow Creatures'
  4883 | D:5      | XOM: polymorph leopard gecko -> howler monkey
  4884 | D:5      | XOM: enchant monster (good)
  5023 | D:6      | Identified the +1 leather armour "Lycothrazia" {rF+ Str+3}
  5151 | D:6      | Found a blossoming altar of Fedhas.
  5162 | D:6      | XOM: noise
  5170 | D:6      | Noticed an oklob plant
  5277 | D:6      | XOM: silly message
  5289 | D:6      | XOM: god gift: 3 scrolls labelled DOLIRUEHYE {god gift}
  5317 | D:6      | XOM: summons 3 friendly demons
  5358 | D:5      | XOM: divination: detect creatures
  5832 | D:7      | Noticed a gargoyle
  5834 | D:7      | XOM: confuse monster(s)
  5844 | D:7      | XOM: cast spell 'Statue Form'
  5845 | D:7      | Killed a gargoyle
  5941 | D:7      | XOM: 1-stop teleportation journey
  5943 | D:7      | XOM: blink monster(s)
  5948 | D:7      | XOM: confuse monster(s)
  5966 | D:7      | Reached XP level 9. HP: 49/80 MP: 8/8
  6162 | D:7      | Found a sparkling altar of Nemelex Xobeh.
  6186 | D:7      | Found a shadowy altar of Dithmenos.
  6273 | D:7      | XOM: scenery: create altars
  6454 | D:7      | XOM: give mutations
  6454 | D:7      | Gained mutation: You have sharp toenails. [Xom's grace]
  6454 | D:7      | Gained mutation: You can translocate small distances at
                  | will. [Xom's grace]
  6454 | D:7      | Gained mutation: Your spells are a little harder to cast,
                  | but a little more powerful. [Xom's grace]
  6483 | D:7      | XOM: god gift: 15 gold pieces
  6500 | D:6      | Reached skill level 5 in Dodging
  7175 | D:8      | XOM: summons 5 hostile demons
  7180 | D:8      | XOM: enchant monster (good)
  7182 | D:8      | Reached skill level 5 in Throwing
  7369 | D:7      | Learned a level 1 spell: Apportation
  7392 | D:8      | Noticed a two-headed ogre
  7537 | D:8      | Reached skill level 10 in Maces & Flails
  7541 | D:8      | XOM: 1-stop teleportation journey
  7556 | D:8      | XOM: chaos upgrade
  7576 | D:8      | XOM: scenery: summon butterflies
  7587 | D:8      | Killed a two-headed ogre
  7588 | D:8      | Reached XP level 10. HP: 65/90 MP: 9/9
  7820 | D:8      | XOM: divine lightning
  7989 | D:9      | XOM: swap monsters
  7991 | D:9      | XOM: swap monsters
  8264 | D:9      | Reached skill level 10 in Armour
  8338 | D:9      | Found a shimmering blue altar of Sif Muna.
  8350 | D:9      | XOM: give mutation
  8350 | D:9      | Gained mutation: Your system is resistant to poisons.
                  | (rPois) [Xom's grace]
  8438 | D:9      | Found a glowing silver altar of Zin.
  8440 | D:9      | Noticed an angel
  8622 | D:10     | XOM: noise
  8622 | D:10     | Entered Level 10 of the Dungeon
  8622 | D:10     | Noticed a two-headed ogre
  8625 | D:10     | XOM: silly message
  8637 | D:9      | Killed a two-headed ogre
  8790 | D:10     | Reached skill level 1 in Evocations
  8799 | D:10     | Noticed a two-headed ogre
  8811 | D:10     | Killed a two-headed ogre
  8812 | D:10     | Reached XP level 11. HP: 62/97 MP: 10/10
  8848 | D:10     | XOM: 1-stop teleportation journey
  9072 | D:10     | XOM: cast spell 'Leda's Liquefaction'
  9446 | D:10     | XOM: god gift: scroll of blinking
  9531 | D:11     | Noticed a death knight
  9531 | D:11     | Noticed a skeletal warrior
  9532 | D:11     | Noticed a skeletal warrior
  9708 | D:11     | Noticed a skeletal warrior
  9708 | D:11     | Noticed a skeletal warrior
  9709 | D:11     | Noticed a skeletal warrior
  9730 | D:10     | Killed a skeletal warrior
  9754 | D:10     | Killed a skeletal warrior
  9760 | D:11     | XOM: enchant monster (good)
  9772 | D:10     | Killed a skeletal warrior
  9781 | D:10     | Killed a skeletal warrior
  9806 | D:10     | XOM: silly message
 10039 | D:10     | XOM: summons 3 friendly demons
 10057 | D:10     | Killed a skeletal warrior
 10178 | D:11     | XOM: destruction
 10195 | D:10     | Killed a death knight
 10262 | D:11     | Noticed a skeletal warrior
 10262 | D:11     | XOM: summons friendly shadow imp
 10263 | D:11     | XOM: cast spell 'Discord'
 10279 | D:11     | XOM: enchant monster (good)
 10284 | D:11     | Killed a skeletal warrior
 10492 | D:11     | XOM: god gift: plate armour {god gift}
 10543 | D:11     | XOM: enchant monster (good)
 10569 | D:11     | XOM: give mutation
 10569 | D:11     | Gained mutation: You are weak. (Str -2) [Xom's mischief]
 10996 | D:11     | Found a staircase to the Lair.
 11152 | D:11     | XOM: god gift: 24 gold pieces
 11198 | D:11     | XOM: cleaving
 11217 | D:11     | Found Xise's General Store.
 11224 | D:11     | XOM: give mutations
 11224 | D:11     | Gained mutation: You have razor-sharp toenails. [Xom's
                  | grace]
 11224 | D:11     | Gained mutation: You possess an exceptional clarity of
                  | mind. [Xom's grace]
 11246 | D:11     | Bought a +0 pair of gloves of strength for 161 gold pieces
 11251 | D:11     | Bought the +5 chain mail of Ejyscheimo {MR++ Dex-4} for 511
                  | gold pieces
 11344 | Lair:1   | Entered Level 1 of the Lair of Beasts
 11344 | Lair:1   | Noticed an eight-headed hydra
 11345 | Lair:1   | XOM: fake destruction
 11350 | Lair:1   | XOM: summons friendly quasit
 11352 | Lair:1   | Killed an eight-headed hydra
 11371 | Lair:1   | XOM: destruction
 11378 | Lair:1   | Reached XP level 12. HP: 70/108 MP: 11/11
 11484 | Lair:1   | XOM: 3-stop teleportation journey
 11497 | Lair:1   | XOM: noise
 11613 | Lair:1   | XOM is BORED!
 11613 | Lair:1   | XOM: stat loss: -3 Str (18/21)
 11916 | Lair:1   | XOM: noise
 11931 | Lair:1   | Reached skill level 10 in Fighting
 11960 | Lair:1   | XOM: enchant monster (bad)
 12146 | D:11     | XOM: silly message
 12151 | D:11     | XOM: god gift: 24 gold pieces
 13198 | Lair:1   | XOM: give mutations
 13198 | Lair:1   | Gained mutation: You are frail. (-10% HP) [Xom's mischief]
 13198 | Lair:1   | Lost mutation: You possess an exceptional clarity of mind.
                  | [Xom's mischief]
 13268 | Lair:1   | Noticed a four-headed hydra
 13269 | Lair:1   | XOM: potion effect (invisibility)
 13276 | Lair:1   | Killed a four-headed hydra
 13285 | Lair:1   | Got a faintly glowing plate armour
 13299 | Lair:1   | Identified the +3 plate armour of Veown {Stlth+} (You found
                  | it on level 1 of the Lair of Beasts)
 13381 | Lair:2   | Noticed a seven-headed hydra
 13388 | Lair:2   | Killed a seven-headed hydra
 13577 | Lair:2   | Noticed an eight-headed hydra
 13581 | Lair:2   | Killed an eight-headed hydra
 13581 | Lair:2   | XOM: divine lightning
 13594 | Lair:2   | XOM: fake destruction
 13603 | Lair:2   | XOM: 2-stop teleportation journey
 13653 | Lair:2   | XOM: cast spell 'Alistair's Intoxication'
 13660 | Lair:2   | XOM: blink monster(s)
 13679 | Lair:2   | XOM: noise
 13682 | Lair:2   | XOM: potion effect (heal wounds)
 13691 | Lair:2   | XOM: enchant monster (good)
 14073 | Lair:2   | XOM: noise
 14115 | Lair:2   | Noticed Nergalle
 14122 | Lair:2   | XOM: potion effect (berserk rage)
 14133 | Lair:2   | Killed Nergalle
 14134 | Lair:2   | Reached XP level 13. HP: 106/106 MP: 12/12
 14347 | Lair:2   | XOM: give mutations
 14347 | Lair:2   | Lost mutation: You are frail. (-10% HP) [Xom's mischief]
 14347 | Lair:2   | Lost mutation: You occasionally shout uncontrollably at
                  | your foes. [Xom's mischief]
 14347 | Lair:2   | Gained mutation: You have a pair of large horns on your
                  | head. [Xom's mischief]
 14518 | Lair:3   | XOM: silly message
 14552 | Lair:3   | Found a gate leading to a gauntlet.
 14588 | Gauntlet | Entered a Gauntlet
 14588 | Gauntlet | Found a transporter.
 14591 | Gauntlet | Found a transporter.
 14608 | Gauntlet | Found a transporter.
 14611 | Gauntlet | Found a transporter.
 14629 | Gauntlet | Found a transporter.
 14642 | Gauntlet | Found a transporter.
 14647 | Gauntlet | Found a transporter.
 14651 | Gauntlet | Found a transporter.
 14679 | Gauntlet | Found a transporter.
 14680 | Gauntlet | Found a transporter.
 14684 | Gauntlet | Found a transporter.
 14702 | Gauntlet | Found a transporter.
 14859 | Gauntlet | XOM: cleaving
 14987 | Gauntlet | XOM: cloud trail
 15000 | Gauntlet | XOM: confuse monster(s)
 15331 | Gauntlet | Got a spiked cloak
 15374 | Gauntlet | Identified the -4 cloak of the Howling Visions {*Drain
                  | +Blink Str+2 Stlth+} (You found it in a Gauntlet)
 15398 | Gauntlet | Noticed a minotaur
 15403 | Gauntlet | XOM: divination: detect creatures
 15414 | Gauntlet | Killed a minotaur
 15547 | Lair:3   | XOM: cast spell 'Cause Fear'
 15549 | Lair:3   | Found a hole to the Spider Nest.
 15650 | Lair:3   | XOM: god gift: scroll of teleportation
 15656 | Lair:3   | Noticed a fire dragon
 15656 | Lair:3   | a five-headed hydra changed into a fire dragon
 15656 | Lair:3   | XOM: polymorph five-headed hydra -> fire dragon
 15664 | Lair:3   | XOM: summons 4 hostile shadow creatures
 15732 | Lair:3   | XOM: stat loss: -1 Dex (7/8)
 15749 | Lair:3   | XOM: cast spell 'Shadow Creatures'
 15755 | Lair:3   | Noticed Prince Ribbit
 15757 | Lair:3   | Reached skill level 1 in Crossbows
 15762 | Lair:3   | Killed Prince Ribbit
 15787 | Lair:3   | XOM: 2-stop teleportation journey
 16106 | Lair:3   | XOM: god gift: 21 arrows
 16241 | Lair:3   | XOM: scenery: summon butterflies
 16271 | Lair:3   | XOM: give mutations
 16271 | Lair:3   | Lost mutation: You are weak. (Str -2) [Xom's grace]
 16271 | Lair:3   | Gained mutation: Your flesh is cold resistant. (rC+) [Xom's
                  | grace]
 16271 | Lair:3   | Gained mutation: You are partially covered in yellow
                  | scales. (AC +2) [Xom's grace]
 16284 | Lair:3   | XOM: god gift: 19 arrows
 16320 | Lair:3   | XOM: fog
 16328 | Lair:3   | Reached skill level 2 in Crossbows
 16411 | Lair:3   | XOM: cloud trail
 16435 | Lair:3   | XOM: potion effect (might)
 16658 | Lair:3   | XOM: silly message
 16659 | Lair:3   | XOM: confusion (+ monsters)
 16660 | Lair:3   | XOM: summons 1 hostile demon
 16671 | Lair:3   | Reached skill level 3 in Crossbows
 16722 | Lair:3   | XOM: god gift: 3 scrolls of enchant weapon
 17017 | Lair:3   | XOM: divination: detect creatures
 17033 | Lair:3   | Killed a fire dragon
 17534 | Lair:1   | XOM: god gift: lightning rod (4/4)
 17733 | Lair:4   | XOM: 10-stop teleportation journey
 17759 | Lair:4   | Noticed Urug
 17765 | Lair:4   | XOM: scenery: 2 doors open
 17776 | Lair:4   | Killed Urug
 17804 | Lair:4   | XOM: give mutation
 17804 | Lair:4   | Lost mutation: You have a pair of large horns on your head.
                  | [Xom's mischief]
 17965 | Lair:4   | Reached skill level 4 in Crossbows
 18033 | Lair:4   | Found a staircase to the Shoals.
 18094 | Lair:4   | Noticed Snorg
 18115 | Lair:4   | Killed Snorg
 18116 | Lair:4   | Reached skill level 15 in Maces & Flails
 18142 | Lair:4   | XOM: silly message
 18326 | Lair:4   | XOM: god gift: 21 stones
 18584 | Lair:5   | XOM: summons 9 friendly demons
 18602 | Lair:5   | Identified a scroll of acquirement
 18602 | Lair:5   | Acquired the ring of Nusuh {rElec rN+ MR+}
 18806 | Lair:1   | XOM: summons 3 hostile demons
 19285 | Lair:5   | Reached skill level 5 in Crossbows
 19400 | Lair:5   | Found a runed translucent gate.
 19400 | Lair:5   | Found a runed translucent gate.
 19400 | Lair:5   | Found a runed translucent gate.
 19401 | Lair:5   | Noticed Uxoog's ghost (journeyman VSWn)
 19401 | Lair:5   | Noticed Ycoiwk's ghost (journeyman OpVM)
 19401 | Lair:5   | Noticed Kiguq's ghost (journeyman VSSu)
 19401 | Lair:5   | Noticed Ycoiwk's ghost (journeyman OpVM)
 19438 | Lair:5   | XOM: summons 1 hostile shadow creature
 19501 | Lair:5   | XOM: chaos cloud
 19570 | Lair:5   | XOM: potion effect (berserk rage)
 19575 | Lair:5   | XOM: potion effect (haste)
 19583 | Lair:5   | Reached skill level 10 in Dodging
 19585 | Lair:5   | Reached XP level 14. HP: 127/127 MP: 13/13
 19693 | Lair:6   | Entered Level 6 of the Lair of Beasts
 20136 | Lair:6   | XOM: silly message
 20227 | Lair:6   | Found a runed translucent door.
 20228 | Lair:6   | Found a viscous altar of Jiyva.
 20228 | Lair:6   | Noticed an acid blob
 20234 | Lair:6   | XOM: silly message
 20235 | Lair:6   | Found a staircase to the Slime Pits.
 20246 | Lair:6   | Killed an acid blob
 20247 | Lair:6   | Reached skill level 15 in Armour
 20659 | Lair:6   | XOM: potion effect (haste)
 20665 | Lair:6   | XOM: potion effect (invisibility)
 20687 | Lair:6   | Reached skill level 6 in Crossbows
 20687 | Lair:6   | XOM is BORED!
 20687 | Lair:6   | XOM: silly message
 20892 | Lair:6   | XOM: scenery: summon butterflies
 21030 | Lair:6   | XOM: god gift: hat {god gift}
 21068 | Lair:6   | Found the amulet of Vitality {Regen+ HP+15}
 21760 | D:11     | XOM: god gift: 49 gold pieces
 21777 | Lair:1   | XOM: god gift: potion of curing
 21818 | Spider:1 | Entered Level 1 of the Spider Nest
 21865 | Spider:1 | XOM: god gift: scroll of enchant armour
 21890 | Spider:1 | XOM: enchant monster (good)
 21899 | Spider:1 | XOM: scenery: create altars
 21932 | Spider:1 | XOM: confuse monster(s)
 22082 | Spider:1 | XOM: 2-stop teleportation journey
 22389 | Spider:1 | XOM: 6-stop teleportation journey
 22567 | Spider:1 | XOM: divination: detect creatures
 22616 | Spider:2 | Reached skill level 7 in Crossbows
 22622 | Spider:2 | Noticed Louise
 22626 | Spider:2 | XOM: enchant monster (good)
 22638 | Spider:2 | Killed Louise
 22660 | Spider:2 | XOM: scenery: summon butterflies
 22675 | Spider:2 | XOM: summons 11 friendly demons
 22828 | Spider:2 | XOM: divine lightning
 22829 | Spider:2 | XOM: confuse monster(s)
 22891 | Spider:2 | XOM: 2-stop teleportation journey
 22893 | Spider:2 | XOM: noise
 22894 | Spider:2 | XOM: confusion (+ monsters)
 22898 | Spider:2 | XOM: 3-stop teleportation journey
 22935 | Spider:2 | Reached XP level 15. HP: 138/138 MP: 14/14
 22942 | Spider:2 | XOM: fog
 22984 | Spider:2 | XOM: scenery: summon butterflies
 22989 | Spider:2 | XOM: polymorph butterfly -> bat
 23213 | Spider:2 | XOM: silly message
 23255 | Spider:2 | Reached skill level 8 in Crossbows
 23727 | Spider:3 | Identified the +6 bardiche of Certain Death {drain, rElec
                  | rF- Int+6}
 23728 | Spider:3 | XOM: enchant monster (bad)
 23740 | Spider:3 | XOM: swap monsters
 24000 | Spider:3 | XOM: silly message
 24017 | Spider:3 | XOM: 3-stop teleportation journey
 24018 | Spider:3 | Noticed Arachne
 24045 | Spider:3 | Killed Arachne
 24370 | Spider:2 | XOM: give mutations
 24370 | Spider:2 | Lost mutation: You can translocate small distances at will.
                  | [Xom's mischief]
 24370 | Spider:2 | Gained mutation: You occasionally shout uncontrollably at
                  | your foes. [Xom's mischief]
 24370 | Spider:2 | Lost mutation: You have razor-sharp toenails. [Xom's
                  | mischief]
 24379 | Spider:2 | XOM: blink monster(s)
 24428 | Spider:2 | XOM: summons friendly iron imp
 24781 | Spider:3 | XOM: divination: detect items
 24921 | Spider:4 | XOM: stealth player
 24921 | Spider:4 | Entered Level 4 of the Spider Nest
 24967 | Spider:4 | Reached skill level 9 in Crossbows
 25156 | Spider:4 | XOM: destruction
 25171 | Spider:4 | XOM: summons friendly crimson imp
 25349 | Spider:4 | XOM: polymorph crimson imp -> neqoxec
 25446 | Spider:4 | XOM: 2-stop teleportation journey
 25526 | Spider:4 | XOM: summons 10 friendly demons
 25534 | Spider:4 | XOM: enchant monster (good)
 25619 | Spider:4 | Noticed a ghost moth
 25631 | Spider:4 | Killed a ghost moth
 25657 | Spider:4 | XOM: summons 3 friendly demons
 25673 | Spider:4 | XOM: polymorph white imp -> crimson imp
 25728 | Spider:4 | XOM: give mutations
 25728 | Spider:4 | Gained mutation: Your spells are harder to cast, but more
                  | powerful. [Xom's grace]
 25728 | Spider:4 | Gained mutation: Your flesh is very cold resistant. (rC++)
                  | [Xom's grace]
 25728 | Spider:4 | Gained mutation: Your muscles are strong. (Str +2) [Xom's
                  | grace]
 25728 | Spider:4 | Gained mutation: Your mind is acute. (Int +2) [Xom's grace]
 25927 | Spider:4 | XOM: give mutation
 25927 | Spider:4 | Gained mutation: You expend magic power (3 MP) to
                  | strengthen your wands. [Xom's grace]
 26022 | Spider:4 | XOM: 5-stop teleportation journey
 26040 | Spider:4 | XOM: cloud trail
 26247 | Spider:4 | Reached skill level 10 in Crossbows
 26307 | Spider:4 | XOM: enchant monster (good)
 26465 | Spider:4 | XOM: enchant monster (bad)
 26467 | Spider:4 | XOM: enchant monster (bad)
 26591 | Spider:4 | XOM: silly message
 26629 | Spider:4 | Noticed a ghost moth
 26636 | Spider:4 | Killed a ghost moth
 26654 | Spider:4 | XOM: swap monsters
 26658 | Spider:4 | Reached XP level 16. HP: 108/148 MP: 1/15
 26921 | Spider:4 | Got a gossamer rune of Zot
 27328 | Spider:3 | XOM: summons 7 friendly demons
 27433 | Lair:3   | XOM: noise
 27700 | Shoals:1 | Entered Level 1 of the Shoals
 27883 | Shoals:1 | XOM: summons 4 hostile shadow creatures
 28041 | Shoals:1 | Noticed Nikola
 28055 | Shoals:1 | Noticed Josephine
 28056 | Shoals:1 | Killed Nikola
 28056 | Shoals:1 | XOM: blink monster(s)
 28057 | Shoals:1 | Reached skill level 11 in Crossbows
 28070 | Shoals:1 | XOM: confusion
 28074 | Shoals:1 | XOM: swap monsters
 28078 | Shoals:1 | Killed Josephine
 28134 | Shoals:1 | XOM: cast spell 'Monstrous Menagerie'
 28171 | Shoals:1 | Noticed Kirke
 28188 | Shoals:1 | Killed Kirke
 28349 | Shoals:1 | XOM: summons friendly crimson imp
 28362 | Shoals:1 | XOM: 3-stop teleportation journey
 28691 | Shoals:2 | XOM: give mutations
 28691 | Shoals:2 | Lost mutation: You are partially covered in rugged brown
                  | scales. (AC +1, +3% HP) [Xom's mischief]
 28691 | Shoals:2 | Lost mutation: Your body sometimes deteriorates upon taking
                  | damage. [Xom's mischief]
 28691 | Shoals:2 | Gained mutation: You are mostly covered in yellow scales.
                  | (AC +3) [Xom's mischief]
 28691 | Shoals:2 | Lost mutation: Your spells are harder to cast, but more
                  | powerful. [Xom's mischief]
 28967 | Shoals:2 | XOM: fake destruction
 29000 | Shoals:2 | XOM: cleaving
 29109 | Shoals:2 | Reached skill level 12 in Crossbows
 29236 | Shoals:2 | XOM: stat loss: -1 Int (10/11)
 29246 | Shoals:2 | XOM: swap monsters
 29288 | Shoals:2 | XOM: polymorph merfolk javelineer -> four-headed hydra
 29292 | Shoals:2 | XOM: enchant monster (bad)
 29675 | Shoals:2 | XOM: give mutations
 29675 | Shoals:2 | Lost mutation: You expend magic power (3 MP) to strengthen
                  | your wands. [Xom's mischief]
 29675 | Shoals:2 | Lost mutation: Your system is resistant to poisons. (rPois)
                  | [Xom's mischief]
 29675 | Shoals:2 | Lost mutation: You have supernaturally acute eyesight.
                  | (SInv) [Xom's mischief]
 29718 | Shoals:3 | XOM: scenery: create altars
 29731 | Shoals:3 | XOM: divine lightning
 29758 | Shoals:3 | XOM: 4-stop teleportation journey
 29780 | Shoals:3 | XOM: fog
 29790 | Shoals:3 | XOM: cleaving
 29796 | Shoals:3 | XOM: fog
 29920 | Shoals:3 | XOM: god gift: glowing falchion {god gift}
 30000 | Shoals:3 | XOM: enchant monster (bad)
 30013 | Shoals:3 | XOM: summons friendly crimson imp
 30015 | Shoals:3 | XOM: summons 1 hostile demon
 30015 | Shoals:3 | Identified the +3 chain mail of the Lobster {Dex+3}
 30018 | Shoals:3 | XOM: divination: magic mapping
 30302 | Shoals:3 | Noticed a kraken
 30312 | Shoals:3 | XOM: cast spell 'Monstrous Menagerie'
 30319 | Shoals:3 | Killed a kraken
 30549 | Shoals:3 | Noticed a kraken
 30573 | Shoals:3 | Killed a kraken
 30574 | Shoals:3 | Reached XP level 17. HP: 115/154 MP: 16/16
 30718 | Shoals:4 | Entered Level 4 of the Shoals
 30912 | Shoals:4 | XOM: enchant monster (bad)
 30915 | Shoals:4 | XOM: cast spell 'Summon Mana Viper'
 31042 | Shoals:4 | XOM: potion effect (experience)
 31042 | Shoals:4 | Reached skill level 13 in Crossbows
 31042 | Shoals:4 | Reached XP level 18. HP: 161/161 MP: 17/17
 31053 | Shoals:4 | XOM: summons 2 friendly demons
 31102 | Shoals:4 | XOM: enchant monster (bad)
 31107 | Shoals:4 | XOM: fog
 31126 | Shoals:4 | Got a barnacled rune of Zot
 31136 | Shoals:4 | XOM: 4-stop teleportation journey
 31137 | Shoals:4 | XOM: scenery: summon butterflies
 31139 | Shoals:4 | XOM: divine lightning
 31141 | Shoals:4 | Noticed Ilsuiw
 31141 | Shoals:4 | XOM: scenery: summon butterflies
 31143 | Shoals:4 | XOM: 8-stop teleportation journey
 31147 | Shoals:4 | XOM: scenery: create altars
 31338 | Shoals:3 | XOM: summons friendly crimson imp
 31488 | Shoals:3 | Reached skill level 15 in Fighting
 31729 | Shoals:4 | XOM: destruction
 31827 | Shoals:1 | XOM: give mutations
 31827 | Shoals:1 | Gained mutation: You are clumsy. (Dex -2) [Xom's mischief]
 31827 | Shoals:1 | Lost mutation: You are clumsy. (Dex -2) [Xom's mischief]
 31827 | Shoals:1 | Gained mutation: You evolve. [Xom's mischief]
 31827 | Shoals:1 | Lost mutation: You evolve. [Xom's mischief]
 31948 | D:12     | Found Odute's General Store.
 31952 | D:12     | Bought a potion of heal wounds for 75 gold pieces
 31991 | D:12     | Noticed Gastronok
 31996 | D:12     | XOM: confuse monster(s)
 31999 | D:12     | Found a staircase to the Orcish Mines.
 32009 | D:12     | XOM: divination: magic mapping
 32010 | D:12     | Killed Gastronok
 32022 | D:12     | XOM: enchant monster (good)
 32031 | D:12     | Reached skill level 14 in Crossbows
 32084 | D:12     | XOM: god gift: 8 gold pieces
 32130 | D:12     | XOM: fog
 32193 | D:12     | XOM: divination: magic mapping
 32219 | D:12     | Found a glowing silver altar of Zin.
 32380 | D:12     | XOM: noise
 32528 | D:13     | XOM: confuse monster(s)
 32728 | D:13     | XOM: enchant monster (bad)
 32757 | D:13     | Found a transporter.
 32760 | D:13     | Identified the +3 glaive of the Bespelling Tiger
                  | {antimagic, rElec rF+ MR+}
 32766 | D:13     | Noticed EWolf27's ghost (journeyman MiFi)
 32772 | D:13     | Found a bloodstained altar of Trog.
 32777 | D:13     | Found a transporter.
 32779 | D:13     | Identified the +5 mace of Doom {vorpal, *Noise +Inv rElec}
 32801 | D:13     | Identified the +8 giant club of Context {antimagic, Dex+4}
 32811 | D:13     | XOM: destruction
 32894 | D:13     | Noticed Maurice
 32908 | D:13     | Killed Maurice
 32952 | D:13     | XOM: 2-stop teleportation journey
 33393 | D:14     | XOM is BORED!
 33393 | D:14     | XOM: stat loss: -2 Dex (11/13)
 33414 | D:14     | XOM: smoke on damage
 33416 | D:14     | Found an ornate altar of the Wu Jian Council.
 33439 | D:14     | XOM: 3-stop teleportation journey
 33511 | D:14     | XOM: blink monster(s)
 33523 | D:14     | XOM: confusion
 33527 | D:14     | XOM: give mutations
 33527 | D:14     | Gained mutation: Your body sometimes deteriorates upon
                  | taking damage. [Xom's mischief]
 33527 | D:14     | Lost mutation: You are mostly covered in yellow scales. (AC
                  | +3) [Xom's mischief]
 33527 | D:14     | Gained mutation: You are frail. (-10% HP) [Xom's mischief]
 33527 | D:14     | Lost mutation: Your mind is acute. (Int +2) [Xom's
                  | mischief]
 33534 | D:14     | XOM: repel stairs
 33716 | D:14     | XOM: summons 3 hostile shadow creatures
 33949 | D:14     | Found a gate to the Vaults.
 33953 | D:14     | XOM: chaos cloud
 33956 | D:14     | Paralysed by you for 3 turns
 33957 | D:14     | Reached skill level 15 in Crossbows
 34015 | D:15     | Entered Level 15 of the Dungeon
 34074 | D:15     | Found Jymerr's Jewellery Boutique.
 34139 | D:15     | XOM: 1-stop teleportation journey
 34156 | D:15     | XOM: god gift: glowing shortbow {god gift}
 34194 | D:15     | XOM: silly message
 34250 | D:15     | XOM: silly message
 34465 | D:15     | XOM: noise
 34491 | D:15     | Reached XP level 19. HP: 154/154 MP: 18/18
 34605 | D:15     | XOM: potion effect (invisibility)
 34609 | D:15     | XOM: confuse monster(s)
 34621 | D:15     | XOM: divination: detect creatures
 34626 | D:15     | XOM: confuse monster(s)
 34843 | D:15     | XOM: 1-stop teleportation journey
 34889 | D:15     | XOM: god gift: potion of might
 35026 | D:15     | Found a staircase to the Depths.
 35038 | D:15     | XOM: noise
 35240 | Orc:1    | Entered Level 1 of the Orcish Mines
 35571 | Orc:1    | Found a runed translucent door.
 35620 | Orc:1    | Found a runed translucent door.
 35635 | Orc:1    | Found the +10 tower shield of Ignorance {rN+ Int-4}
 35759 | Orc:2    | Entered Level 2 of the Orcish Mines
 35759 | Orc:2    | Found Wecrang's Antique Armour Emporium.
 35854 | Orc:2    | Found Hyrigunu's Book Shop.
 35913 | Orc:2    | XOM: confusion (+ monsters)
 35963 | Orc:2    | Found a bloodstained altar of Trog.
 35967 | Orc:2    | Found Fuji's General Store.
 36057 | Orc:2    | XOM: blink monster(s)
 36079 | Orc:2    | XOM: scenery: summon butterflies
 36109 | Orc:2    | Reached skill level 16 in Crossbows
 36132 | Orc:2    | XOM: 4-stop teleportation journey
 36334 | Orc:2    | XOM: chaos cloud
 36347 | Orc:2    | Found a roughly hewn altar of Beogh.
 36351 | Orc:2    | XOM: potion effect (haste)
 36377 | Orc:2    | Found Uhyghuff's Antique Weapon Emporium.
 36406 | Orc:2    | XOM: scenery: summon butterflies
 36501 | Orc:2    | XOM: cast spell 'Summon Hydra'
 36516 | Orc:2    | Found a staircase to the Elven Halls.
 36516 | Orc:2    | Found Ecoywaim's Jewellery Emporium.
 36516 | Orc:2    | Found Nigouxt's Distillery.
 36516 | Orc:2    | XOM: 6-stop teleportation journey
 36592 | Orc:2    | XOM: give mutations
 36592 | Orc:2    | Gained mutation: You expend magic power (3 MP) to
                  | strengthen your wands. [Xom's grace]
 36592 | Orc:2    | Gained mutation: You possess an exceptional clarity of
                  | mind. [Xom's grace]
 36643 | Orc:2    | Found Bourrie's Antique Armour Emporium.
 36665 | Orc:2    | Bought the ring "Quwoh" {rPois rF+ Str+2 SInv} for 579 gold
                  | pieces
 36679 | Orc:2    | Found Haics's General Store.
 36747 | Orc:2    | Found Zuthajui's Armour Shop.
 36891 | Orc:2    | Bought a potion of mutation for 120 gold pieces
 36891 | Orc:2    | Bought a potion of mutation for 120 gold pieces
 36891 | Orc:2    | Bought a potion of invisibility for 120 gold pieces
 36924 | Orc:2    | Bought a faintly humming chain mail for 218 gold pieces
 36924 | Orc:2    | Identified the +5 chain mail of Xiuwnaz {rF+ Int+2 SInv}
                  | (You bought it in a shop on level 2 of the Orcish Mines)
 37006 | D:13     | Killed EWolf27's ghost
 37159 | D:13     | XOM: polymorph cyclops -> shapeshifter
 37221 | D:13     | XOM: god gift: 55 gold pieces
 37255 | D:13     | XOM: summons 3 hostile demons
 37300 | D:13     | XOM: summons friendly crimson imp
 37348 | D:13     | XOM: polymorph crimson imp -> neqoxec
 37355 | D:13     | XOM: summons 4 hostile shadow creatures
 37665 | Lair:5   | XOM: silly message
 37671 | Lair:5   | Killed Ycoiwk's ghost
 37675 | Lair:5   | XOM: fog
 37679 | Lair:5   | Killed Uxoog's ghost
 37683 | Lair:5   | Killed Ycoiwk's ghost
 37689 | Lair:5   | Killed Kiguq's ghost
 37716 | Lair:5   | Learned a level 2 spell: Blink
 37719 | Lair:5   | Learned a level 2 spell: Passwall
 37887 | Lair:5   | XOM: scenery: summon butterflies
 38001 | Lair:4   | XOM: scenery: 1 doors close
 38104 | Shoals:3 | Reached skill level 17 in Crossbows
 38104 | Shoals:3 | Reached XP level 20. HP: 162/162 MP: 19/19
 38328 | Spider:1 | XOM: give mutations
 38328 | Spider:1 | Lost mutation: You have sharp toenails. [Xom's mischief]
 38328 | Spider:1 | Lost mutation: You expend magic power (3 MP) to strengthen
                  | your wands. [Xom's mischief]
 38328 | Spider:1 | Lost mutation: You are frail. (-10% HP) [Xom's mischief]
 38563 | Shoals:3 | XOM: scenery: summon butterflies
 38565 | Shoals:4 | XOM: destruction
 38887 | Shoals:4 | XOM: summons 3 friendly demons
 38899 | Shoals:4 | Killed Ilsuiw
 39317 | Shoals:4 | Got a slimy sapphire amulet
 39320 | Shoals:4 | Identified the amulet "Plog" {Acrobat rElec rC+++ MR-
                  | Str+2} (You found it on level 4 of the Shoals)
 39328 | Shoals:4 | XOM: give mutations
 39328 | Shoals:4 | Gained mutation: You are covered in fur. (AC +1) [Xom's
                  | grace]
 39328 | Shoals:4 | Gained mutation: You are resistant to electric shocks.
                  | (rElec) [Xom's grace]
 39328 | Shoals:4 | Gained mutation: You have sharp toenails. [Xom's grace]
 39328 | Shoals:4 | Gained mutation: Your natural rate of healing is unusually
                  | fast. [Xom's grace]
 39781 | Vaults:1 | Entered Level 1 of the Vaults
 39996 | Vaults:1 | XOM: silly message
 40005 | Vaults:1 | XOM: cleaving
 40055 | Vaults:1 | XOM: 4-stop teleportation journey
 40152 | Vaults:1 | XOM: chaos upgrade
 40161 | Vaults:1 | XOM: summons 3 friendly demons
 40362 | Vaults:1 | Noticed Aizul
 40372 | Vaults:1 | Killed Aizul
 40482 | Vaults:1 | XOM: noise
 40485 | Vaults:1 | XOM: divination: magic mapping
 40486 | Vaults:1 | XOM: destruction
 40757 | Vaults:1 | XOM: noise
 40819 | Vaults:1 | XOM: noise
 40902 | Vaults:2 | Reached skill level 18 in Crossbows
 40960 | Vaults:2 | XOM: noise
 41153 | Vaults:2 | XOM: 1-stop teleportation journey
 41189 | Vaults:2 | XOM: silly message
 41208 | Vaults:2 | XOM: potion effect (invisibility)
 41262 | Vaults:2 | XOM: summons 3 hostile demons
 41309 | Vaults:2 | XOM: 1-stop teleportation journey
 41339 | Vaults:2 | XOM: summons 8 friendly demons
 41343 | Vaults:2 | Cast into level 2 of the Abyss (a deep elf sorcerer)
 41407 | Abyss:2  | Identified the +6 hand axe of Zaleiddu {drain, Str+2 Int+9}
                  | (You found it on level 2 of the Abyss)
 41437 | Abyss:2  | XOM: divination: detect creatures
 41437 | Abyss:2  | Noticed a bone dragon
 41460 | Abyss:2  | Killed a bone dragon
 41523 | Abyss:2  | XOM: noise
 41560 | Abyss:2  | Reached XP level 21. HP: 191/191 MP: 20/20
 41611 | Abyss:2  | XOM: divination: magic mapping
 41613 | Abyss:2  | XOM: noise
 41622 | Abyss:2  | XOM: silly message
 41643 | Abyss:2  | XOM: divination: magic mapping
 41650 | Abyss:2  | XOM: noise
 41694 | Abyss:2  | XOM: divination: detect creatures
 41728 | Vaults:2 | Escaped the Abyss
 41909 | Vaults:2 | XOM: cast spell 'Summon Ice Beast'
 42159 | Vaults:2 | XOM: silly message
 42160 | Vaults:2 | XOM: confuse monster(s)
 42196 | Vaults:1 | XOM: scenery: 1 doors close
 42225 | Vaults:1 | XOM: 2-stop teleportation journey
 42356 | Vaults:1 | XOM: noise
 42430 | Vaults:1 | XOM: enchant monster (bad)
 42541 | Vaults:1 | XOM: divination: detect items
 42589 | Vaults:1 | XOM: fog
 42750 | Vaults:1 | XOM: polymorph orc knight -> moth of wrath
 42870 | Vaults:2 | XOM: scenery: 1 doors close
 42980 | Vaults:2 | XOM: polymorph white ugly thing -> red ugly thing
 43000 | Vaults:2 | Identified the +2 plate armour "Riesa" {rPois SInv} (You
                  | found it on level 2 of the Vaults)
 43031 | Vaults:2 | XOM: give mutation
 43031 | Vaults:2 | Gained mutation: You expend magic power (3 MP) to
                  | strengthen your wands. [Xom's grace]
 43093 | Vaults:2 | XOM: scenery: summon butterflies
 43105 | Vaults:2 | Identified the +6 plate armour of the Special Lies {+Blink
                  | rPois Int+2} (You found it on level 2 of the Vaults)
 43117 | Vaults:2 | Reached skill level 19 in Crossbows
 43144 | Vaults:2 | XOM: potion effect (curing)
 43428 | Vaults:2 | XOM: torment (116/208 hp)
 43546 | Vaults:2 | XOM: summons 1 hostile demon
 43618 | Vaults:3 | XOM: cast spell 'Statue Form'
 43696 | Vaults:3 | XOM: cast spell 'Leda's Liquefaction'
 43710 | Vaults:3 | Found Fooruzum's Jewellery Shoppe.
 43710 | Vaults:3 | XOM: 3-stop teleportation journey
 43715 | Vaults:3 | XOM: confuse monster(s)
 43789 | Vaults:3 | XOM: potion effect (berserk rage)
 43949 | Vaults:3 | Found a transporter.
 43950 | Vaults:3 | Found a shimmering blue altar of Sif Muna.
 44028 | Vaults:3 | XOM: god gift: wand of acid (8)
 44116 | Vaults:3 | XOM: confuse monster(s)
 44191 | Vaults:3 | XOM: chaos upgrade
 44215 | Vaults:3 | XOM: god gift: 43 gold pieces
 44219 | Vaults:3 | XOM: divine lightning
 44235 | Vaults:3 | XOM: god gift: wand of iceblast (7)
 44274 | Vaults:3 | XOM: potion effect (might)
 44278 | Vaults:3 | XOM: summons friendly iron imp
 44279 | Vaults:3 | XOM: cast spell 'Disjunction'
 44284 | Vaults:3 | XOM: divination: detect creatures
 44368 | Vaults:3 | XOM: noise
 44437 | Vaults:3 | XOM: enchant monster (good)
 44503 | Vaults:3 | XOM: noise
 44514 | Vaults:3 | XOM: scenery: 4 doors close
 44519 | Vaults:3 | XOM: scenery: 2 doors open
 44526 | Vaults:3 | XOM: fake destruction
 44589 | Vaults:2 | XOM: polymorph ironbrand convoker -> guardian serpent
 44706 | Vaults:3 | XOM: 3-stop teleportation journey
 44766 | Vaults:3 | Found a staircase to the Crypt.
 44777 | Vaults:3 | XOM: god gift: condenser vane
 44975 | Vaults:3 | XOM: enchant monster (bad)
 44977 | Vaults:3 | Reached skill level 20 in Crossbows
 45101 | Vaults:3 | XOM: scenery: 1 doors close
 45291 | Vaults:3 | Found a transporter.
 45308 | Vaults:3 | Identified the ring "Put-Me-On" {*Tele Slay+6} (You found
                  | it on level 3 of the Vaults)
 45351 | Vaults:3 | Identified Sif Muna's Reference Book on the Compass
 45373 | Vaults:3 | Identified the +1 pair of gloves of Ziel {SInv} (You found
                  | it on level 3 of the Vaults)
 45463 | Vaults:3 | XOM: blink monster(s)
 45497 | Vaults:4 | XOM: summons 2 friendly demons
 45498 | Vaults:4 | XOM: cast spell 'Summon Small Mammal'
 45503 | Vaults:4 | XOM: summons 5 friendly demons
 45510 | Vaults:4 | XOM: summons friendly white imp
 45555 | Vaults:4 | XOM: polymorph white imp -> crimson imp
 45584 | Vaults:4 | XOM: silly message
 45601 | Vaults:4 | XOM: potion effect (invisibility)
 45736 | Vaults:4 | XOM: 6-stop teleportation journey
 46155 | Vaults:4 | Reached XP level 22. HP: 203/204 MP: 21/21
 46456 | Vaults:4 | XOM: scenery: 1 doors open, 1 doors close
 46828 | Elf:1    | Entered Level 1 of the Elven Halls
 46850 | Elf:1    | Found a radiant altar of Vehumet.
 46884 | Elf:1    | XOM: cast spell 'Summon Small Mammal'
 46958 | Elf:1    | Found Cerocemu's Magic Scroll Emporium.
 46965 | Elf:1    | Bought a scroll of teleportation for 36 gold pieces
 46965 | Elf:1    | Bought a scroll of teleportation for 36 gold pieces
 46965 | Elf:1    | Bought a scroll of teleportation for 36 gold pieces
 46966 | Elf:1    | Bought a scroll of summoning for 114 gold pieces
 46975 | Elf:1    | XOM: enchant monster (good)
 47030 | Elf:1    | Found a magical portal.
 47042 | WizLab   | Entered Zonguldrok's Shrine
 47375 | WizLab   | Noticed an antique lich
 47382 | WizLab   | XOM: swap monsters
 47383 | WizLab   | Killed an antique lich
 47384 | WizLab   | Reached skill level 21 in Crossbows
 47388 | WizLab   | Found the +9 sword of Zonguldrok {reap}
 47453 | WizLab   | XOM: draining
 47692 | Elf:1    | XOM: noise
 47795 | Elf:1    | XOM: silly message
 47829 | Elf:1    | XOM: summons 14 friendly demons
 47950 | Elf:1    | XOM: 1-stop teleportation journey
 47995 | Elf:1    | XOM: god gift: wand of polymorph (5)
 48172 | Elf:1    | XOM: summons friendly iron imp
 48521 | Elf:2    | Found a runed translucent gate.
 48532 | Elf:2    | Found a runed translucent gate.
 48534 | Elf:2    | Found a runed translucent gate.
 48566 | Elf:2    | XOM: potion effect (curing)
 48779 | Elf:2    | XOM: 4-stop teleportation journey
 48793 | Elf:2    | XOM: cast spell 'Summon Horrible Things'
 48849 | Elf:2    | XOM: 2-stop teleportation journey
 48909 | Elf:2    | XOM: 3-stop teleportation journey
 48976 | Elf:2    | XOM: cloud trail
 49049 | Elf:2    | XOM: summons 13 friendly demons
 49157 | Elf:2    | XOM: god gift: book of Necromancy
 49423 | Elf:3    | Entered Level 3 of the Elven Halls
 49431 | Elf:3    | XOM: 6-stop teleportation journey
 49441 | Elf:3    | Noticed Bai Suzhen
 49450 | Elf:3    | Killed Bai Suzhen
 49543 | Elf:3    | XOM: give mutations
 49543 | Elf:3    | Gained mutation: You are agile. (Dex +2) [Xom's grace]
 49543 | Elf:3    | Gained mutation: Your muscles are very strong. (Str +4)
                  | [Xom's grace]
 49689 | Elf:3    | Noticed Saint Roka
 49694 | Elf:3    | Cast into level 2 of the Abyss (orc warrior)
 49778 | Abyss:2  | XOM: fog
 49920 | Abyss:2  | XOM: noise
 49955 | Elf:3    | Escaped the Abyss
 49974 | Elf:3    | Killed Saint Roka
 50023 | Elf:3    | Reached skill level 22 in Crossbows
 50214 | Elf:3    | XOM: stat loss: -1 Str (31/32)
 50228 | Elf:3    | Found Nupourch's Gadget Shop.
 50233 | Elf:3    | Found Deloevupp's Jewellery Emporium.
 50236 | Elf:3    | Found Diot's Gadget Shop.
 50255 | Elf:3    | XOM: summons 16 friendly demons
 50272 | Elf:3    | XOM: scenery: 4 doors close
 50279 | Elf:3    | Reached XP level 23. HP: 215/215 MP: 22/22
 50283 | Elf:3    | Identified the cursed +2 great mace "Zoudutad" {spect, +Inv
                  | Str+4}
 50284 | Elf:3    | Identified the cursed +2 great mace "Zoudutad" {spect, +Inv
                  | Str+4}
 50320 | Elf:3    | Identified the ring "Joloun" {Fire rElec MR+ Stlth-}
 50329 | Elf:3    | Identified the +9 hand axe "Usazak" {drain, *Noise rF+++
                  | MR- Stlth+}
 50336 | Elf:3    | Identified the ring of Umnitet {*Corrode rElec rC- MR+
                  | Int+8}
 50607 | Elf:3    | Identified the ring of Creativity {rCorr Dex+6}
 50608 | Elf:3    | Identified the ring "Xeen" {rN+ Dex+3}
 50612 | Elf:3    | Identified the +1 short sword of Shrieking Terror {pain,
                  | *Slow rPois SInv Stlth+}
 50666 | Elf:3    | Upgraded the game from 0.26-a0-937-g67df3f2acb to
                  | 0.26-a0-946-g9485abf61d
 50755 | Elf:3    | Identified Qiocus's Guide on the Escort and the Birds
 50978 | Elf:3    | XOM: scenery: 1 doors open, 2 doors close
 51189 | Elf:3    | Identified the cursed +0 cloak "Etteumib" {rCorr} (You
                  | found it on level 3 of the Elven Halls)
 51311 | Elf:3    | XOM: summons 12 hostile demons
 51688 | Crypt:1  | Entered Level 1 of the Crypt
 51690 | Crypt:1  | Noticed Sojobo
 51712 | Crypt:1  | XOM: divination: magic mapping
 51727 | Crypt:1  | Killed Sojobo
 51752 | Crypt:1  | XOM: give mutations
 51752 | Crypt:1  | Lost mutation: You expend magic power (3 MP) to strengthen
                  | your wands. [Xom's mischief]
 51752 | Crypt:1  | Lost mutation: You have sharp toenails. [Xom's mischief]
 51752 | Crypt:1  | Lost mutation: You occasionally shout uncontrollably at
                  | your foes. [Xom's mischief]
 51752 | Crypt:1  | Lost mutation: Your flesh is very cold resistant. (rC++)
                  | [Xom's mischief]
 52457 | Crypt:1  | XOM: enchant monster (bad)
 52728 | Crypt:1  | XOM: noise
 52982 | Crypt:2  | Reached skill level 23 in Crossbows
 53341 | Crypt:2  | XOM: torment (116/232 hp)
 53460 | Crypt:2  | XOM: blink monster(s)
 53462 | Crypt:2  | XOM: divination: detect items
 53858 | Crypt:3  | XOM: noise
 53858 | Crypt:3  | Entered Level 3 of the Crypt
 53992 | Crypt:3  | XOM: noise
 54179 | Crypt:3  | XOM: silly message
 54189 | Crypt:3  | XOM: noise
 54334 | Crypt:3  | XOM: silly message
 54427 | Crypt:3  | Noticed Frederick
 54439 | Crypt:3  | Killed Frederick
 54567 | Crypt:3  | XOM: fake destruction
 54742 | Crypt:3  | XOM: noise
 54795 | Crypt:3  | Found a staircase to the Tomb.
 54838 | Crypt:3  | Learned a level 3 spell: Portal Projectile
 54947 | Crypt:3  | Identified the ring of Raunou {*Contam rF+ rN+ Dex+3}
 54954 | Crypt:3  | Reached XP level 24. HP: 226/226 MP: 22/22
 54961 | Crypt:3  | Identified the ring of Temptation {*Drain rPois rN+ Str+8
                  | Slay+3}
 55179 | Crypt:3  | Found an ancient bone altar of Kikubaaqudgha.
 55247 | Crypt:3  | Noticed an ancient lich
 55251 | Crypt:3  | Killed an ancient lich
 55283 | Crypt:3  | Identified Ovial's Disquisition on Flamy Intoxication
 55297 | Crypt:3  | Identified Feetteisu's Papyrus of Enchantment
 55506 | Crypt:3  | XOM: silly message
 55594 | Vaults:3 | XOM: silly message
 55743 | Depths:1 | Entered Level 1 of the Depths
 56022 | Depths:1 | XOM: potion effect (berserk rage)
 56291 | Depths:1 | XOM: silly message
 56297 | D:15     | XOM: silly message
 56300 | D:15     | XOM: silly message
 56304 | D:15     | XOM: potion effect (berserk rage)
 56328 | D:15     | XOM: silly message
 56437 | D:14     | XOM: silly message
 56445 | D:14     | XOM: silly message
 56532 | D:14     | XOM: noise
 56544 | D:14     | XOM: potion effect (brilliance)
 56629 | D:14     | XOM: potion effect (haste)
 56654 | D:14     | XOM: divination: magic mapping
 56667 | D:14     | XOM: silly message
 56724 | D:14     | XOM: silly message
 56732 | D:14     | XOM: potion effect (heal wounds)
 56752 | D:14     | XOM: cast spell 'Call Canine Familiar'
 56763 | D:14     | XOM: potion effect (heal wounds)
 56773 | D:14     | XOM: potion effect (invisibility)
 56821 | D:14     | XOM: confuse monster(s)
 56839 | D:14     | XOM: silly message
 56883 | D:14     | XOM: cast spell 'Alistair's Intoxication'
 56911 | D:14     | XOM: potion effect (haste)
 57052 | D:14     | XOM: noise
 57100 | D:14     | XOM: silly message
 57105 | D:14     | XOM: cast spell 'Cause Fear'
 57128 | D:14     | XOM: enchant monster (good)
 57172 | D:14     | XOM: summons friendly quasit
 57194 | D:14     | XOM: potion effect (brilliance)
 57343 | Depths:1 | Reached skill level 24 in Crossbows
 57384 | Depths:1 | Found a gateway to Hell.
 57616 | Depths:2 | XOM: summons friendly ufetubus
 57721 | Depths:2 | Found a gateway to a ziggurat.
 57766 | Depths:2 | Identified the Papyrus of Arcane Weapons and Unholy Rites
 57783 | Depths:2 | XOM: enchant monster (bad)
 57791 | Depths:2 | XOM: divination: detect creatures
 57886 | Depths:2 | XOM: enchant monster (bad)
 57954 | Depths:2 | XOM: 1-stop teleportation journey
 58252 | Depths:2 | XOM: potion effect (invisibility)
 58360 | Depths:2 | XOM: enchant monster (bad)
 58440 | Depths:2 | Noticed a juggernaut
 58448 | Depths:2 | Killed a juggernaut
 58450 | Depths:2 | XOM: enchant monster (good)
 58525 | Depths:2 | XOM: confuse monster(s)
 58754 | Depths:2 | XOM: god gift: ring of protection {god gift}
 59096 | Depths:3 | XOM: noise
 59102 | Depths:3 | XOM: confuse monster(s)
 59103 | Depths:3 | XOM: noise
 59122 | Depths:3 | XOM: divination: detect creatures
 59132 | Depths:3 | XOM: confuse monster(s)
 59138 | Depths:3 | XOM: confuse monster(s)
 59309 | Depths:3 | XOM: noise
 59472 | Depths:3 | XOM: summons 10 hostile demons
 59554 | Depths:3 | Reached XP level 25. HP: 237/237 MP: 22/22
 59575 | Depths:3 | Identified the ring of Paranoia {*Tele rF- rC+ Int+4}
 59575 | Depths:3 | Noticed Boris
 59582 | Depths:3 | Killed Boris
 59675 | Depths:3 | Reached skill level 25 in Crossbows
 59679 | Depths:3 | XOM: 4-stop teleportation journey
 59944 | Depths:3 | Found a one-way gate leading to the halls of Pandemonium.
 59949 | Depths:3 | Identified the amulet of the Lotus Blossom {Inacc +Inv
                  | Dex+4} (You found it on level 3 of the Depths)
 59952 | Depths:3 | Identified the cursed +0 plate armour "Wygreomo" {rElec
                  | Str+6 Int-2 Dex+3} (You found it on level 3 of the Depths)
 60654 | Depths:4 | XOM: god gift: 33 gold pieces
 60695 | Depths:4 | Found a one-way gate to the infinite horrors of the Abyss.
 60733 | Depths:4 | Noticed a juggernaut
 60745 | Depths:4 | Killed a juggernaut
 60754 | Depths:4 | XOM: divination: magic mapping
 60798 | Depths:4 | XOM: divination: magic mapping
 61053 | Depths:4 | XOM: silly message
 61289 | Depths:4 | You fall into a shaft and drop 1 floor!
 61289 | Depths:5 | Entered Level 5 of the Depths
 61380 | Depths:5 | XOM: noise
 61396 | Depths:5 | Found a gate to the Realm of Zot.
 61399 | Depths:5 | XOM: summons friendly ufetubus
 61422 | Depths:5 | XOM: silly message
 61441 | Depths:5 | XOM: confuse monster(s)
 61911 | Depths:4 | XOM: 6-stop teleportation journey
 62065 | Depths:4 | XOM: chaos cloud
 62076 | Depths:4 | Identified the Tome of Ghastly Clay
 62198 | Depths:4 | XOM: summons 5 hostile demons
 62919 | Depths:5 | XOM: god gift: potion of might
 62974 | Depths:5 | XOM: cloud trail
 63038 | Depths:4 | XOM: scenery: 1 doors close
 63049 | Depths:2 | XOM: god gift: wand of iceblast (10)
 63237 | Vaults:5 | Entered Level 5 of the Vaults
 63241 | Vaults:5 | XOM: 1-stop teleportation journey
 63244 | Vaults:5 | XOM: cast spell 'Metabolic Englaciation'
 63250 | Vaults:5 | XOM: 1-stop teleportation journey
 63267 | Vaults:5 | Noticed Margery
 63276 | Vaults:5 | XOM: summons 3 friendly demons
 63277 | Vaults:5 | Reached skill level 1 in Axes
 63286 | Vaults:5 | Killed Margery
 63302 | Vaults:5 | XOM: summons 2 friendly demons
 63338 | Vaults:5 | XOM: god gift: shimmering silver ring {god gift}
 63340 | Vaults:5 | Identified the ring "Cujutz" {rN+ EV+4 Int-2 Dex+4} (Xom
                  | gifted it to you on level 5 of the Vaults)
 63488 | Vaults:5 | Reached XP level 26. HP: 168/248 MP: 22/22
 63560 | Vaults:5 | Reached skill level 26 in Crossbows
 63603 | Vaults:5 | XOM: cleaving
 63604 | Vaults:5 | XOM: potion effect (invisibility)
 63605 | Vaults:5 | Reached skill level 5 in Axes
 63610 | Vaults:5 | XOM: noise
 63691 | Vaults:5 | XOM: enchant monster (good)
 63772 | Vaults:5 | XOM: cast spell 'Summon Ice Beast'
 63773 | Vaults:5 | XOM: confuse monster(s)
 63787 | Vaults:5 | Noticed Boris
 63801 | Vaults:5 | XOM: polymorph vault guard -> death yak
 63811 | Vaults:5 | Killed Boris
 63844 | Vaults:5 | Identified the +7 war axe "Dekhlomu" {elec, rF+ Stlth+}
 63884 | Vaults:5 | XOM: polymorph ironbrand convoker -> floating eye
 63889 | Vaults:5 | Paralysed by a floating eye for 3 turns
 63894 | Vaults:5 | Paralysed by a floating eye for 3 turns
 63955 | Vaults:5 | Identified the ring "Faipning" {Ice Int+4 Dex+5}
 64156 | Vaults:5 | XOM: confuse monster(s)
 64272 | Vaults:5 | Identified the ring of Eraukkywn {rPois rF++ MR+ Str+8
                  | Stlth-}
 64351 | Vaults:5 | XOM: give mutations
 64351 | Vaults:5 | Gained mutation: You have large cloven feet. [Xom's grace]
 64351 | Vaults:5 | Gained mutation: You are resistant to hostile enchantments.
                  | (MR+) [Xom's grace]
 64351 | Vaults:5 | Gained mutation: You are mostly covered in yellow scales.
                  | (AC +3) [Xom's grace]
 64351 | Vaults:5 | Gained mutation: You heal very quickly. [Xom's grace]
 64609 | Vaults:5 | Found Voaggis's Antique Armour Shop.
 64609 | Vaults:5 | XOM: 4-stop teleportation journey
 64612 | Vaults:5 | Identified the Incunabulum of Dislocation
 64667 | Vaults:5 | XOM: 2-stop teleportation journey
 64694 | Vaults:5 | Found the +10 Black Knight's barding {ponderous, rPois rN+}
 64701 | Vaults:5 | Identified the amulet of Reved {RegenMP +Fly rElec SInv}
                  | (You found it on level 5 of the Vaults)
 64740 | Vaults:5 | XOM: god gift: dagger {god gift}
 64826 | Vaults:5 | Got a silver rune of Zot
 64970 | Vaults:5 | Identified the Handbook of Frigorific Intoxication
 64981 | Vaults:5 | XOM: god gift: 16 stones
 65032 | Vaults:5 | Reached skill level 15 in Dodging
 65134 | Vaults:5 | XOM: confuse monster(s)
 65194 | Vaults:5 | Reached skill level 10 in Axes
 65472 | Vaults:5 | XOM: give mutation
 65472 | Vaults:5 | Gained mutation: You are somewhat resistant to further
                  | mutation. [Xom's grace]
 66209 | D:11     | XOM: divination: magic mapping
 66330 | Elf:1    | XOM: god gift: 43 gold pieces
 66353 | Elf:1    | Bought a scroll of enchant weapon for 90 gold pieces
 66353 | Elf:1    | Bought a scroll of enchant armour for 90 gold pieces
 66745 | Elf:2    | XOM: stat loss: -1 Int (9/10)
 66892 | D:13     | XOM: divination: detect items
 67017 | Depths:4 | XOM: divination: detect creatures
 67046 | Zot:1    | Entered Level 1 of the Realm of Zot
 67154 | Zot:1    | Noticed an orb of fire
 67171 | Zot:1    | Killed an orb of fire
 67183 | Zot:1    | XOM: potion effect (brilliance)
 67195 | Zot:1    | XOM: potion effect (might)
 67201 | Zot:1    | XOM: potion effect (heal wounds)
 67203 | Zot:1    | XOM: enchant monster (bad)
 67345 | Zot:1    | XOM: noise
 67698 | Zot:1    | Noticed an orb of fire
 67707 | Zot:1    | XOM: chaos cloud
 67709 | Zot:1    | XOM: 3-stop teleportation journey
 67970 | Zot:1    | Killed an orb of fire
 67971 | Zot:1    | Reached XP level 27. HP: 247/258 MP: 22/22
 67980 | Zot:1    | XOM: stat loss: -1 Int (9/10)
 67985 | Zot:1    | XOM: give mutation
 67985 | Zot:1    | Lost mutation: You possess an exceptional clarity of mind.
                  | [Xom's mischief]
 68766 | Zot:1    | XOM: cloud trail
 69017 | Zot:2    | Reached skill level 27 in Crossbows
 69213 | Zot:2    | XOM: summons 2 friendly demons
 69219 | Zot:2    | XOM: polymorph moth of wrath -> eye of devastation
 69228 | Zot:2    | Reached skill level 15 in Axes
 69375 | Zot:2    | Found a runed translucent door.
 69376 | Zot:2    | Noticed Iryommi's ghost (legendary KoDe)
 69602 | Zot:2    | XOM: divination: detect items
 69650 | Zot:2    | XOM: summons 13 friendly demons
 70127 | Zot:3    | XOM: scenery: create altars
 70133 | Zot:3    | XOM: polymorph yellow draconian -> storm dragon
 70160 | Zot:3    | XOM: chaos upgrade
 70190 | Zot:3    | XOM: polymorph moth of wrath -> eye of devastation
 70207 | Zot:3    | XOM: noise
 70294 | Zot:3    | XOM: repel stairs
 70395 | Zot:3    | XOM: silly message
 70404 | Zot:3    | XOM: summons friendly crimson imp
 70413 | Zot:3    | XOM: confusion
 70414 | Zot:3    | XOM: 2-stop teleportation journey
 70820 | Zot:4    | XOM: summons friendly quasit
 70822 | Zot:4    | XOM: swap monsters
 70823 | Zot:4    | XOM: scenery: summon butterflies
 70839 | Zot:4    | XOM: 2-stop teleportation journey
 70923 | Zot:4    | XOM: fog
 71078 | Zot:4    | XOM: polymorph moth of wrath -> wind drake
 71091 | Zot:4    | XOM: cast spell 'Statue Form'
 71093 | Zot:4    | XOM: confusion
 71098 | Zot:4    | XOM: summons 2 hostile shadow creatures
 71100 | Zot:4    | XOM: repel stairs
 71102 | Zot:4    | HP: 11/358 [shadow dragon (17)]
 71102 | Zot:4    | HP: 2/358 [tentacled monstrosity (9)]
 71103 | Zot:4    | Mangled by a moth of wrath

Illustrated notes

Levels and vault maps discovered:
D:1:      evilmike_arrival_crescent, layout_basic
D:2:      layout_basic, chequers_ecumenical_altar_simple, due_unseen_surprise
D:3:      layout_rooms, marbit_many_paths, okawaru_altar_gauntlet_db, uniq_ijyb
D:4:      layout_loops_ring, minmay_temple_entry_trees, serial_shops,
          kennysheep_mini, hangedman_decor_clover_reticule
D:5:      minmay_general_purpose_star, layout_rooms, makhleb_altar_promises_db
D:6:      layout_rooms, tgw_fedhas, enter_ossuary_3, minmay_misc_feat_ornament,
          hangedman_ru_absence
D:7:      layout_layer_cave, nemelex_xobeh_ov_fountains_minmay,
          nicolae_dithmenos_through_a_glass_darkly, serial_undead,
          serial_undead_a, serial_undead_a, serial_undead_b, serial_undead_a,
          serial_undead_d, serial_undead_d
D:8:      layout_rooms
D:9:      layout_basic, nicolae_overflow_crystal_walls, zin_angel
D:10:     layout_roguey
D:11:     layout_basic, due_lair_maze_entry_diamond, serial_curves,
          eino_curves_01, eino_curves_02, serial_shops, nicolae_shop_statue_plus
D:12:     layout_cave_pools, minmay_orc_entry_guard_dogs, serial_glass,
          glass_columns_b, glass_columns_a, basic_altar, serial_shops, shop,
          uniq_gastronok
D:13:     layout_cave_pods, gammafunk_ghost_wrathful_warriors, uniq_maurice
D:14:     wad_woods_stonehenge, layout_loops_ring, david_vaults_2,
          infiniplex_staircase_pillars_3b, minmay_misc_feat_tower,
          lemuel_flamethrower_3
D:15:     gammafunk_enter_depths_forms, layout_stronghold, serial_shops, shop,
          serial_bayou_pond_c, small_statue_alley_a
Temple:   eino_temple_water
Lair:1:   cheibrodos_lair_river_kwai, layout_hall_layers, wad_woods_river_03,
          st_stairs_12, infiniplex_staircase_pool
Lair:2:   layout_regular_city, minmay_another_anthill, uniq_nergalle
Lair:3:   layout_chaotic_city, nicolae_spider_entry_non_spiders,
          gauntlet_entry_generic, st_stairs_3, minmay_lindwurm_lava,
          uniq_prince_ribbit2
Lair:4:   layout_regular_city, elwin_shoals_entry_rooms, grunt_megastairs_4,
          uniq_snorg, uniq_urug
Lair:5:   layout_misc_corridors, gammafunk_ghost_cemetery,
          nicolae_quartered_pool_medium, chequers_serial_rivers_small_a,
          minmay_lair_oklob_chamber, serial_bayou_shore_b
Lair:6:   evilmike_catoblepas_cave, layout_big_grid, slime_altar_2, dpeg_oklob_1
Shoals:1: layout_shoals, uniq_kirke, uniq_nikola, uniq_josephine
Shoals:2: layout_shoals, argonaut_gorgonesque
Shoals:3: layout_shoals
Shoals:4: shoals_end_grunt_ice, layout_shoals, shoals_ilsuiw_ice
Spider:1: layout_spider_delve, guppyfry_spider_mini_1
Spider:2: layout_spider_delve, uniq_louise
Spider:3: layout_spider_delve, hive_lemuel, uniq_arachne
Spider:4: grunt_spider_rune_circles
Orc:1:    layout_caves, chequers_guarded_unrand_ignorance
Orc:2:    grunt_orc_cross, layout_caves, serial_shops, nicolae_shop_statue_plus,
          nicolae_shop_statue_plus, nicolae_shop_crystal, shop_fountains,
          shop_statue, basic_altar
Elf:1:    eino_elf_arrival_altar, layout_gridlike, mu_enter_wizlab_6,
          serial_shops, shop, evilmike_minifort
Elf:2:    layout_loops_ring, amethyst_killhole, lemuel_flamethrower_2
Elf:3:    minmay_elf_hall_spiked, layout_gridlike, hangedman_elf_simple_split,
          st_stairs_13, minmay_shop_grove, uniq_saint_roka, uniq_bai_suzhen
Vaults:1: vaults_room_guarded_vault, layout_vaults_chaotic_city, uniq_aizul
Vaults:2: vaults_mumra_bighexcomb, nicolae_vaults_back_hallway,
          nicolae_vaults_what_the_h, dpeg_vaults_monster_box, v_misc_13,
          v_misc_22, nicolae_vaults_theta, v_misc_2, vaults_dpeg_ring,
          v_misc_26, layout_vaults_omnigrid
Vaults:3: minmay_crypt_entry_simple_walls, v_alt_pattern_6,
          nicolae_vaults_little_ls, v_alt_pattern_6, gammafunk_sealed_library,
          nicolae_vaults_yaktaur_gun_rack, v_misc_33, v_alt_pattern_1,
          vaults_mumra_lcd, dpeg_vaults_monster_row, hangedman_vaults_nails,
          v_misc_25, v_alt_pattern_1, nicolae_vaults_diagonal_hallway_8,
          vaults_dpeg_hooks, vaults_room_grid, layout_vaults_omnibox,
          serial_shops, nicolae_shop_trees
Vaults:4: v_misc_12, hangedman_vaults_stretched_pinwheel,
          hangedman_vaults_nails, vaults_dpeg_cross, hangedman_vaults_corner,
          v_misc_5, vaults_room_pool, ontoclasm_vaults_ligature,
          grunt_vaults_hallway_short, layout_vaults_omnicross
Vaults:5: serial_shops, uniq_margery
Crypt:1:  layout_catacombs, grunt_megastairs_2, uniq_sojobo
Crypt:2:  layout_basic
Crypt:3:  quadcrypt_mu, uniq_frederick
Depths:1: minmay_the_grid_square_5x5_3x3 [minmay_the_grid_square_5x5_bracketed,
          minmay_the_grid_square_5x5_corner, minmay_the_grid_square_5x5_eight,
          minmay_the_grid_square_5x5_fancy_junction,
          minmay_the_grid_square_5x5_megaprize_hollow,
          minmay_the_grid_square_5x5_hollow_slash,
          minmay_the_grid_square_5x5_empty,
          minmay_the_grid_square_5x5_inverted_slash,
          minmay_the_grid_square_5x5_minimal], layout_cave_pools, hell_entry,
          serial_glass, glass_columns_a, glass_columns_b, glass_columns_b,
          glass_columns_a, glass_columns_a, glass_columns_b, glass_columns_b,
          glass_columns_c, glass_columns_a, glass_columns_a, glass_columns_c,
          glass_columns_a, glass_columns_a, glass_columns_a,
          minmay_strange_pillars, minmay_strange_pillars,
          minmay_strange_pillars, item_on_display_a, minmay_orc_keep
Depths:2: lemuel_traditional_vault, layout_gridville, enter_ziggurat_b,
          hell_entry, hangedman_abyss_or_decor_stabs
Depths:3: radiant_caverns_a_rkd, serial_shops, pan_entry, hell_entry, uniq_boris
Depths:4: cheibrodos_lost_city_excavation, layout_honeycomb,
          abyss_entry_crystal, grunt_mini_vestibule, minmay_multi_spiral,
          minmay_staircase_statues
Depths:5: grunt_crosshair, layout_gridlike, ebering_dispersal_statue_hall,
          rand_demon_pan_entry_3, grunt_hell_entry_dis_mu
Zot:1:    layout_basic, lemuel_lake_of_fire
Zot:2:    layout_cathedral_of_symmetry, gammafunk_ghost_grave
Zot:3:    grunt_twist_and_shout, layout_onion_interference
Zot:4:    layout_concentric_octagons, hangedman_zot_gyre

Skill      XL: |  1  2  3  4  5  6  7  8  9 10 11 12 13 14 15 16 17 18 19 20 21 22 23 24 25 26 27 |
---------------+----------------------------------------------------------------------------------+-----
Maces & Flails | 4 5 6 7 8 10 11 12 14 15 16 18 19 20 | 20.0
Fighting       | 4 5 6 7 8 9 10 11 12 13 14 16 17 18 19 20 21 22 23 24 | 24.2
Throwing       | 1 2 3 4 5 6 7 8 |  8.7
Armour         | 3 4 6 7 9 10 12 13 14 16 17 18 19 20 21 22 23 24 25 | 25.7
Dodging        | 2 3 4 5 6 7 9 10 11 12 14 15 16 | 16.9
Evocations     | 1 3 |  3.0
Crossbows      | 5 7 10 12 13 15 17 18 20 22 23 24 25 26 27 | 27.0
Axes           | 4 12 17 | 17.4

Action                   |  1- 3 |  4- 6 |  7- 9 | 10-12 | 13-15 | 16-18 | 19-21 | 22-24 | 25-27 || total
-------------------------+-------+-------+-------+-------+-------+-------+-------+-------+-------++-------
Melee: Mace              |    44 |   161 |    16 |       |       |       |       |       |       ||   221
       Headbutt          |     2 |    21 |    66 |   124 |   231 |   199 |   325 |   339 |   232 ||  1539
       Flail             |       |       |   114 |       |       |       |       |       |       ||   114
       Unarmed           |       |       |    16 |       |       |       |       |       |       ||    16
       Morningstar       |       |       |   194 |    76 |       |       |       |       |       ||   270
       Kick              |       |       |    28 |    48 |       |       |     5 |       |     4 ||    85
       War axe           |       |       |    19 |   183 |   103 |    77 |    56 |    23 |       ||   461
       Dire flail        |       |       |       |   422 |   160 |       |       |       |       ||   582
       Great mace        |       |       |       |       |   752 |   906 |  1261 |  1101 |   332 ||  4352
       Battleaxe         |       |       |       |       |       |       |       |       |   337 ||   337
 Fire: Hunting sling     |       |       |    10 |       |       |       |       |       |       ||    10
       Heavy crossbow    |       |       |       |       |    16 |     9 |     9 |   425 |   149 ||   608
       Arbalest          |       |       |       |       |       |       |    29 |    16 |   741 ||   786
Throw: Stone             |     9 |       |       |       |       |       |       |       |       ||     9
       Dart              |       |       |     2 |     5 |    20 |     2 |     3 |       |       ||    32
       Boomerang         |       |       |       |     2 |       |       |       |       |       ||     2
       Javelin           |       |       |       |       |       |       |     5 |     1 |     1 ||     7
 Abil: Blink             |       |       |       |       |     5 |       |       |       |       ||     5
Evoke: Wand              |       |       |     5 |     7 |    11 |     8 |     3 |       |       ||    34
  Use: Scroll            |       |     5 |    12 |     7 |    22 |     7 |     9 |     8 |    29 ||    99
       Potion            |       |       |     1 |       |     7 |     3 |     3 |     1 |     3 ||    18
 Stab: Confused          |       |       |     1 |     1 |     1 |     2 |     7 |       |     4 ||    16
       Invisible         |       |       |     2 |       |     4 |     8 |    37 |     1 |       ||    52
       Distracted        |       |       |       |     1 |     5 |     1 |       |     1 |     1 ||     9
       Petrified         |       |       |       |       |    11 |       |       |       |       ||    11
       Petrifying        |       |       |       |       |     2 |       |       |       |       ||     2
       Sleeping          |       |       |       |       |       |     1 |       |     1 |       ||     2
Armor: Leather armour    |    12 |       |       |       |       |       |       |       |       ||    12
       Chain mail        |     2 |   117 |    79 |   167 |   241 |       |       |       |       ||   606
       Skin              |       |       |     1 |       |       |       |     6 |       |    71 ||    78
       Plate armour      |       |       |   171 |   286 |    77 |       |       |       |       ||   534
       Crystal plate arm |       |       |       |       |   723 |  1016 |   838 |   821 |   291 ||  3689
       Gold dragon scale |       |       |       |       |       |       |       |       |   502 ||   502
Dodge: Dodged            |    31 |    87 |   190 |   316 |   583 |   665 |   719 |   629 |  1173 ||  4393
       Repelled          |       |       |       |       |     3 |    15 |    15 |    31 |    33 ||    97
Block: Other             |       |       |    10 |   174 |   114 |       |       |       |       ||   298
       Reflection        |       |       |     2 |       |       |       |       |       |       ||     2

Table legend: (Time is in decaauts)
 A = Elapsed time spent in this place.
 B = Non-inter-level travel time spent in this place.
 C = Inter-level travel time spent in this place.
 D = Time resting spent in this place.
 E = Time spent auto-exploring this place.
 F = Levels seen in this place.
 G = Mean time per level.
                   A        B        C        D        E       F      G
               +--------+--------+--------+--------+--------+-----+--------+
         Total |  70610 |  61334 |   9276 |  13044 |  29291 |  57 | 1238.8 |
       Dungeon |  17451 |  15389 |   2062 |   4353 |   6512 |  15 | 1163.4 |
        Temple |      1 |      1 |      0 |      0 |      0 |   1 |    1.0 |
          Lair |   9572 |   7977 |   1595 |   2956 |   3038 |   6 | 1595.3 |
        Shoals |   5751 |   5063 |    688 |   1484 |   1873 |   4 | 1437.8 |
   Spider Nest |   5687 |   5065 |    622 |   1483 |   2225 |   4 | 1421.8 |
  Orcish Mines |   1937 |   1542 |    395 |    157 |    982 |   2 |  968.5 |
   Elven Halls |   4377 |   3604 |    773 |    289 |   2023 |   3 | 1459.0 |
        Vaults |   9548 |   7910 |   1638 |    561 |   4318 |   5 | 1909.6 |
         Crypt |   4148 |   3643 |    505 |    326 |   2230 |   3 | 1382.7 |
        Depths |   6510 |   5680 |    830 |    545 |   3451 |   5 | 1302.0 |
           Zot |   3414 |   3252 |    162 |    349 |   2025 |   4 |  853.5 |
         Abyss |    604 |    604 |      0 |     28 |    292 |   2 |  302.0 |
       Ossuary |    345 |    345 |      0 |     77 |     50 |   1 |  345.0 |
        Wizlab |    398 |    398 |      0 |     16 |    121 |   1 |  398.0 |
      Gauntlet |    860 |    860 |      0 |    417 |    149 |   1 |  860.0 |
               +--------+--------+--------+--------+--------+-----+--------+

Top non-repeatable levels by time:
Vaults:3: 2413 daAuts
Spider:4: 2317 daAuts
Vaults:5: 2243 daAuts
    D:14: 2108 daAuts
  Lair:1: 2072 daAuts
Vaults:1: 2027 daAuts
Shoals:3: 1962 daAuts
 Crypt:3: 1836 daAuts
   Elf:3: 1809 daAuts
     D:7: 1798 daAuts
Vaults:2: 1741 daAuts
  Lair:3: 1721 daAuts
    D:11: 1662 daAuts
Depths:3: 1646 daAuts
  Lair:6: 1612 daAuts
